 Dungeon Crawl Stone Soup version 0.32-a0-163-g159c032296 (webtiles) character file.

Game seed: 9303461910841848733

1691401 particleface the Sluggish Minotaur (level 26, 250/250 HPs)
             Began as a Minotaur Alchemist on Feb 10, 2024.
             Was an Initiate of Cheibriados.
             Escaped with the Orb
             ... and 3 runes
             ... and 1 gem on Feb 11, 2024!
             The game lasted 03:25:15 (76429 turns).

particleface the Sluggish Minotaur (MiAl)          Turns: 76429, Time: 03:25:15

Health: 250/250    AC: 59    Str: 40    XL:     26   Next: 33%
Magic:  34/34      EV: 17    Int: 11    God:    Cheibriados [......]
Gold:   3489       SH: 18    Dex: 14    Spells: 26/27 levels left

rFire   + + .        a - +8 broad axe (freeze)
rCold   + . .        p - +2 shield of Resistance {rF++ rC++ Will++}
rNeg    + + +        w - +14 crystal plate armour of the Heavens {rPois rCorr}
rPois   +            G - +2 hat {Will+}
rElec   +            K - +3 cloak of Ishukkil {rElec rN+++ Will- SInv}
rCorr   +            U - +2 pair of gloves {hurl}
SInv    +            e - +2 pair of boots
Will    +++..        g - macabre finger necklace {Finger+ rN+} Stlth
                     h - +6 ring of strength
HPRegen 0.61/turn    b - ring of Besso {rN+ Str+6 Dex+2}
MPRegen 0.24/turn    V - +6 ring of strength

%: no passive effects
@: studying 2 skills, slow
A: horns 2, retaliatory headbutt, iridescent scales 1, clumsy 1, dopey 1, low MP
1, weak 1, no potion heal 1, cold vulnerability 1, subdued magic 1, persistent
drain
0: Orb of Zot
}: 3/15 runes: serpentine, barnacled, slimy
a: Renounce Religion


You escaped.
You worshipped Cheibriados.
Cheibriados was noncommittal.
You visited 11 branches of the dungeon, and saw 52 of its levels.
You also visited: Gauntlet, Wizlab and Desolation.

You collected 8901 gold pieces.
You spent 5412 gold pieces at shops.

Inventory:

Hand Weapons
 a - a +8 broad axe of freezing (weapon)
   (Okawaru gifted it to you on level 5 of the Lair of Beasts)
Missiles
 c - 61 boomerangs (quivered)
 f - 30 silver javelins
 m - 10 curare-tipped darts
 B - 20 throwing nets {=f, !d}
 M - 71 javelins
Armour
 e - a +2 pair of boots (worn)
   (You found it on level 2 of the Lair of Beasts)
 p - the +2 shield of Resistance (worn) {rF++ rC++ Will++}
   (You found it on level 2 of the Depths)

   rF++:      It greatly protects you from fire.
   rC++:      It greatly protects you from cold.
   Will++:    It greatly increases your willpower.
 q - the +1 cloak of the Chewing Gods {Str+5}
   (You found it on level 2 of the Depths)

   Str+5:     It affects your strength (+5).
 w - the +14 crystal plate armour of the Heavens (worn) {rPois rCorr}
   (Okawaru gifted it to you on level 5 of the Lair of Beasts)

   rPois:     It protects you from poison rCorr: It protects you from acid and
   corrosion.
 G - a +2 hat of willpower (worn)
   (You found it in a Gauntlet)
 K - the +3 cloak of Ishukkil (worn) {rElec rN+++ Will- SInv}
   (You found it in a wizard's laboratory)

   rElec:     It insulates you from electricity.
   rN+++:     It renders you almost immune to negative energy.
   Will-:     It decreases your willpower.
   SInv:      It lets you see invisible.
 U - a +2 pair of gloves of hurling (worn)
   (You found it in a Gauntlet)
Jewellery
 b - the ring of Besso (right hand) {rN+ Str+6 Dex+2}
   (You found it on level 4 of the Shoals)

   [ring of positive energy]

   Str+6:     It affects your strength (+6).
   Dex+2:     It affects your dexterity (+2).
   rN+:       It protects you from negative energy.
 g - the macabre finger necklace (around neck) {Finger+ rN+}
   (You found it on level 1 of the Elven Halls)

   [amulet of nothing]

   Finger+:   It enables you to equip an extra ring.
   rN+:       It protects you from negative energy.
 h - a +6 ring of strength (left hand)
   (You found it on level 1 of the Elven Halls)
 x - the ring "Baloty" {rN+ Will+ Stlth+}
   (You found it in the Desolation of Salt)

   [ring of willpower]

   rN+:       It protects you from negative energy.
   Will+:     It increases your willpower.
   Stlth+:    It makes you more stealthy.
 y - the ring of Baczapru {rCorr Str-3 Int+5 SInv}
   (You found it on level 2 of the Vaults)

   [ring of resist corrosion]

   Str-3:     It affects your strength (-3).
   Int+5:     It affects your intelligence (+5).
   SInv:      It lets you see invisible.
   rCorr:     It protects you from acid and corrosion.
 F - a ring of protection from fire {rF+}
   (You found it on level 1 of the Lair of Beasts)
 V - a +6 ring of strength (on amulet)
   (You found it in a Gauntlet)
 Z - the ring "Ibaymufy" {rC+ Will+ MP-9 SInv}
   (You found it on level 2 of the Vaults)

   [ring of see invisible]

   rC+:       It protects you from cold.
   Will+:     It increases your willpower.
   MP-9:      It affects your magic capacity (-9).
   SInv:      It lets you see invisible.
Wands
 r - a wand of quicksilver (48)
   (You took it off a wight on level 7 of the Dungeon)
 I - a wand of digging (11)
   (You found it in the Desolation of Salt)
 N - a wand of flame (45)
   (You found it on level 4 of the Snake Pit)
 Q - a wand of roots (38)
   (You found it on level 1 of the Lair of Beasts)
 W - a wand of polymorph (2)
   (You found it on level 4 of the Depths)
Scrolls
 d - 8 scrolls of fear
 i - 2 scrolls of revelation
 j - 8 scrolls of fog
 k - 4 scrolls of silence
 l - 5 scrolls of immolation {!r}
 o - 6 scrolls of poison
 E - 6 scrolls of vulnerability {!r!r}
 O - 4 scrolls of blinking {!r!d}
 P - 5 scrolls of brand weapon
 R - 16 scrolls of teleportation {!r!d, @r3}
 Y - 2 scrolls of enchant armour
Potions
 n - 10 potions of curing {@q1, !d}
 s - 7 potions of magic
 t - 5 potions of might
 u - 4 potions of mutation {!q}
 v - 6 potions of heal wounds {@q2, !d}
 z - 4 potions of enlightenment
 D - 7 potions of lignification {!q}
 H - 6 potions of haste
 J - 2 potions of invisibility
 L - 4 potions of resistance
 T - 3 potions of cancellation
 X - a potion of ambrosia
Miscellaneous
 A - a condenser vane
   (You found it in the Desolation of Salt)
 C - a phial of floods
   (You bought it in a shop on level 2 of the Orcish Mines)
 S - a lightning rod (4/4)
   (You found it in a Gauntlet)


   Skills:
 - Level 23.0 Fighting
 - Level 18.0 Axes
 - Level 7.0 Staves
 - Level 16.0 Throwing
 - Level 23.0 Armour
 - Level 20.0 Dodging
 - Level 1.5 Stealth
 - Level 23.0 Shields
 - Level 1.3 Spellcasting
 - Level 0.6 Conjurations
 - Level 2.1 Alchemy
 + Level 24.0 Invocations
 - Level 10.0 Evocations


You had 26 spell levels left.
You knew the following spells:

 Your Spells              Type           Power      Damage    Failure   Level
a - Sting                 Conj/Alch      8%         1d3       63%         1

Your spell library contained the following spells:

 Spells                   Type           Power      Damage    Failure   Level
 Foxfire                  Conj/Fire      4%         2x1d4     78%         1
 Mercury Vapours          Alch/Air       4%         N/A       80%         2
 Apportation              Tloc           0%         N/A       82%         1
 Necrotise                Necr           0%         1d4       82%         1
 Sandblast                Erth           0%         2d4       82%         1
 Slow                     Hex            0%         N/A       82%         1
 Summon Small Mammal      Summ           0%         N/A       82%         1
 Momentum Strike          Conj/Tloc      2%         3d8       89%         2
 Blink                    Tloc           0%         N/A       92%         2
 Ensorcelled Hibernation  Hex/Ice        0%         N/A       92%         2
 Jinxbite                 Hex            0%         N/A       92%         2
 Lesser Beckoning         Tloc           0%         N/A       92%         2
 Scorch                   Fire           0%         2d5       92%         2
 Mephitic Cloud           Conj/Alch/Air  2%         N/A       96%         3
 Confusing Touch          Hex            0%         N/A       99%         3
 Dazzling Flash           Conj/Hex       2%         N/A       99%         3
 Frozen Ramparts          Ice            0%         1d1       99%         3
 Fugue of the Fallen      Necr           0%         N/A       99%         3
 Gell's Gravitas          Tloc           0%         N/A       99%         3
 Hailstorm                Conj/Ice       1%         3d5       99%         3
 Inner Flame              Hex/Fire       0%         N/A       99%         3
 Passwall                 Erth           0%         N/A       99%         3
 Sigil of Binding         Hex            0%         N/A       99%         3
 Stone Arrow              Conj/Erth      2%         3d7       99%         3
 Summon Ice Beast         Ice/Summ       0%         N/A       99%         3
 Swiftness                Air            0%         N/A       99%         3
 Teleport Other           Tloc           0%         N/A       99%         3
 Vampiric Draining        Necr           0%         2d6       99%         3
 Volatile Blastmotes      Fire/Tloc      0%         2d10      99%         3
 Olgreb's Toxic Radiance  Alch           4%         N/A       99%         4
 Anguish                  Hex/Necr       0%         N/A       100%        4
 Animate Armour           Summ/Erth      0%         N/A       100%        4
 Animate Dead             Necr           0%         N/A       100%        4
 Brom's Barrelling Bould  Conj/Erth      1%         2d3       100%        4
 Cause Fear               Hex            0%         N/A       100%        4
 Dimensional Bullseye     Hex/Tloc       0%         N/A       100%        4
 Flame Wave               Conj/Fire      1%         2d4       100%        4
 Ignite Poison            Fire/Alch      2%         N/A       100%        4
 Iskenderun's Mystic Bla  Conj/Tloc      1%         2d3       100%        4
 Manifold Assault         Tloc           0%         N/A       100%        4
 Passage of Golubria      Tloc           0%         N/A       100%        4
 Sticky Flame             Fire/Alch      2%         2d4       100%        4
 Alistair's Intoxication  Alch           2%         N/A       100%        5
 Borgnjor's Vile Clutch   Necr/Erth      0%         N/A       100%        5
 Curse of Agony           Necr           0%         N/A       100%        5
 Fireball                 Conj/Fire      0%         3d3       100%        5
 Freezing Cloud           Conj/Ice/Air   0%         6-21      100%        5
 Irradiate                Conj/Alch      1%         3d12      100%        5
 Iskenderun's Battlesphe  Conj           1%         2d6       100%        5
 Lee's Rapid Deconstruct  Erth           0%         3d4*      100%        5
 Metabolic Englaciation   Hex/Ice        0%         N/A       100%        5
 Silence                  Hex/Air        0%         N/A       100%        5
 Summon Forest            Summ/Tloc      0%         N/A       100%        5
 Conjure Ball Lightning   Conj/Air       0%         3x3d6     100%        6
 Death Channel            Necr           0%         N/A       100%        6
 Dispersal                Tloc           0%         N/A       100%        6
 Eringya's Noxious Bog    Alch           2%         4d6       100%        6
 Sculpt Simulacrum        Ice/Alch       1%         N/A       100%        6
 Starburst                Conj/Fire      0%         6d3       100%        6
 Summon Cactus Giant      Summ           0%         N/A       100%        6
 Enfeeble                 Hex            0%         N/A       100%        7
 Orb of Destruction       Conj           0%         9d5       100%        7
 Ozocubu's Refrigeration  Ice            0%         4d7       100%        7
 Summon Hydra             Summ           0%         N/A       100%        7
 Disjunction              Tloc           0%         N/A       100%        8
 Ignition                 Fire           0%         3d3       100%        8
 Lehudib's Crystal Spear  Conj/Erth      0%         10d2      100%        8
 Maxwell's Capacitive Co  Air            0%         ∞         100%        8
 Summon Horrible Things   Summ           0%         N/A       100%        8
 Chain Lightning          Conj/Air       0%         2d1       100%        9
 Dragon's Call            Summ           0%         N/A       100%        9
 Fire Storm               Conj/Fire      0%         6d1       100%        9
 Polar Vortex             Ice            0%         N/A       100%        9
 Shatter                  Erth           0%         3d5*      100%        9


Dungeon Overview and Level Annotations

Branches:
Dungeon (15/15)            Temple (1/1) D:6            Lair (5/5) D:9
 Shoals (4/4) Lair:3        Snake (4/4) Lair:3        Slime (5/5) Lair:5
    Orc (2/2) D:10            Elf (3/3) Orc:2        Vaults (4/5) D:14
  Crypt (0/3) Vaults:3     Depths (4/4) D:15            Zot (5/5) Depths:4
 WizLab (visited)         Desolation (visited)      Gauntlet (visited)

Altars:
Ashenzari
Cheibriados
Dithmenos
Elyvilon
Fedhas
Gozag
Hepliaklqana
Kikubaaqudgha
Makhleb
Nemelex Xobeh
Okawaru
Qazlal
Ru
Sif Muna
Trog
Uskayaw
Vehumet
Wu Jian
Xom
Yredelemnul
Zin
The Shining One
Jiyva

Shops:
D:6 =   D:7 *   D:8 (   D:10 (   D:11 :   D:13 ?   D:14 :   Orc:2 *===!
Shoals:2 *   Shoals:3 *   Snake:2 [*   Snake:3 [   Vaults:2 [

Portals:
Hell: Depths:1 Depths:2 Depths:3 Depths:4
Abyss: Depths:2 Depths:3
Pandemonium: Depths:2 Depths:4
Ziggurat: Depths:2

Annotations:
Snake:4 3 runed translucent doors, Jeykid's ghost, adept DgFE; Vicweoh's ghost, adept GrFi
Elf:2 5 runed translucent doors
Zot:1 exclusion: downstairs
Zot:2 2 transporters, Cuhyol's ghost, veteran MfSh


Innate Abilities, Weirdness & Mutations

You have a pair of horns on your head.
You reflexively headbutt those who attack you in melee.
You are partially covered in iridescent scales. (AC +2)
You are clumsy. (Dex -2)
You are dopey. (Int -2)
Your magical capacity is low. (-10% MP)
You are weak. (Str -2)
Potions are less effective at restoring your health.
You are vulnerable to cold. (rC-)
Your spells are a little easier to cast, but a little less powerful.
Your health recovers twice as slowly from being drained.


Message History

There is a stone staircase leading down here.
There is a stone staircase leading up here.
You climb upwards.
There is a stone staircase leading down here.
There is a stone staircase leading up here.
You climb upwards.
There is a stone staircase leading down here.
A bombardier beetle comes into view.
Health restored: 250 Unknown command.
Unknown command.
You slice the bombardier beetle!! You freeze the bombardier beetle.
You kill the bombardier beetle!
Okawaru accepts your kill.
No target in view!
Unknown command.
No target in view!
(D) Dungeon (T) Temple (L) Lair (A) Shoals (P) Snake Pit (M) Slime Pits (O) Orcish Mines (E) Elven Halls (V) Vaults (C) Crypt (U) Depths (H) Hell (Z) Zot
Where to? (Tab/Enter - D:2 @ (x,y), ? - help)
A Brimstone Fiend comes into view.
Unknown command.
You throw a boomerang. The boomerang hits the Brimstone Fiend!
You throw a boomerang.
The boomerang hits the Brimstone Fiend!!
You throw a boomerang.
The boomerang hits the Brimstone Fiend but does no damage.
The Brimstone Fiend gestures at you.
The sphere of damnation explodes!
The damnation engulfs you!!!
You take 45 damage, and have 205/250 hp.
You throw a boomerang.
The boomerang barely misses the Brimstone Fiend.
You throw a boomerang.
The boomerang hits the Brimstone Fiend!!!
You kill the Brimstone Fiend!
Okawaru accepts your kill.
No target in view!
No target in view!
(D) Dungeon (T) Temple (L) Lair (A) Shoals (P) Snake Pit (M) Slime Pits (O) Orcish Mines (E) Elven Halls (V) Vaults (C) Crypt (U) Depths (H) Hell (Z) Zot
Where to? (Tab/Enter - D:2 @ (x,y), ? - help)
There is a stone staircase leading up here.
You climb upwards.
There is a stone staircase leading down here.
You see here a hobgoblin skeleton.
There is a stone staircase leading up here.
You climb upwards.
There is a stone staircase leading down here.
There is a stone staircase leading up here.
You climb upwards.
There is a stone staircase leading down here. 3 sun demons come into view.
You regained 28 hp, and now have 234/250 hp.
The sun demon shouts!
The sun demon moves out of view.
There is a snail-covered altar of Cheibriados here.
The sun demon completely misses you. You furiously retaliate!
You headbutt the sun demon! You slash the sun demon! You freeze the sun demon!
Your headbutt misses the sun demon. You cut the sun demon into ribbons!!!
You freeze the sun demon.
You kill the sun demon!
Okawaru accepts your kill.
Your Invocations skill increases to level 24!
Unknown command.
Press < or > to pray at altars.
The sun demon hits you but does no damage.
You block the sun demon's attack.
You hit the sun demon but do no damage. You headbutt the sun demon.
You slice the sun demon!! You freeze the sun demon! You headbutt the sun demon.
You block the sun demon's attack.
You slice the sun demon!! You freeze the sun demon!
You kill the sun demon!
Okawaru accepts your kill.
No target in view!
No target in view!
There is a snail-covered altar of Cheibriados here.
You kneel at the altar of Cheibriados.
You have lost your religion!
Okawaru does not appreciate desertion!
Cheibriados welcomes you!
Cheibriados begins to support your attributes as your movement slows.
Cheibriados is now slowing the effects of poison on you.
(D) Dungeon (T) Temple (L) Lair (A) Shoals (P) Snake Pit (M) Slime Pits (O) Orcish Mines (E) Elven Halls (V) Vaults (C) Crypt (U) Depths (H) Hell (Z) Zot
Where to? (Tab/Enter - D:2 @ (x,y), ? - help)
What level of the Dungeon? (default 2, ? - help)
There is a stone staircase leading up here.
You climb upwards.
There is a stone staircase leading down here.
Health restored: 250
Things that are here:
5 stones; a +0 dagger
There is a staircase leading out of the dungeon here.
You have escaped!

....#.#..÷.....###......÷.###.#.#
.>....#.......## ##.....÷.# ##.##
###.###.......# #.......# #.#
#.#.........## ##.......# #.#
###..#.(.......###........# #.##
....###...................## #..#
.....#...###.........###...# ##.#
#.###.#.## ##.......## ##..# #.#
#.......# #...@...# #..####.#
#.###...## ##.......## ##........
.........###.......÷.###....###.#
..###.......................# #.#
.## #..........###.........## #.#
..###.........## ##........####.#
..............# #........#....#
..#.#.#.......## ##.......##.####
.##.#..........###........##.#


There were no monsters in sight!

Vanquished Creatures
  the Royal Jelly (Slime:5)
  4 dread liches (Zot:1 Zot:5)
  Frederick (Depths:4)
  6 orbs of fire (Zot:1 Zot:3 Zot:5)
  An ancient lich (Zot:5)
  Mennas (Vaults:2)
  A juggernaut (Zot:2)
  Xtahua (Vaults:2)
  7 Killer Klowns (Zot:4 Zot:5)
  Bai Suzhen (Vaults:2)
  A curse toe (Zot:4)
  Saint Roka (Snake:3)
  A caustic shrike (Depths:3)
  11 golden dragons (Depths:1 Depths:4 Zot:1 Zot:3 Zot:4)
  A profane servitor (WizLab)
  the Enchantress (Depths:2)
  A bone dragon (Depths:4)
  A Brimstone Fiend (D:5)
  Jorgrun (D:10)
  3 electric golems (Zot:2 Zot:5)
  25 tentacled monstrosities (Depths:1 Zot:1 Zot:2 Zot:3 Zot:4)
  A Hell Sentinel (Depths:4)
  A walking crystal tome (Depths:3)
  Mlioglotl (Arena)
  23 Orb Guardians (Zot:5 Arena D:10)
  A walking earthen tome (Depths:3)
  A deep elf blademaster (Depths:2)
  4 quicksilver dragons (Snake:4 Zot:1 Zot:4 Zot:5)
  5 tentacled starspawn (WizLab)
  A deep elf master archer (Elf:3)
  5 sphinxes (D:14 Vaults:4 Depths:3 Zot:1)
  An ancient champion (Depths:4)
  9 acid blobs (Slime:3 Slime:5)
  3 titans (Vaults:4 Depths:3 Depths:4)
  8 death cobs (Zot:1 Zot:2 Zot:3 Zot:4 Zot:5)
  A tengu reaver (Depths:3)
  2 eldritch tentacles (WizLab)
  Agnes (Snake:3)
  4 shadow dragons (Depths:1 Zot:4 Zot:5)
  2 protean progenitors (Zot:2)
  15 storm dragons (Depths:3 Depths:4 Zot:1 Zot:2 Zot:3)
  3 fire giants (D:15 Depths:1 Depths:2)
  6 nagarajas (Snake:2 Snake:3 Snake:4)
  9 azure jellies (Lair:5 Slime:1 Slime:5)
  11 rockslimes (Lair:5 Slime:2 Slime:5)
  Ilsuiw (Arena)
  14 draconian scorchers (Zot:1 Zot:2 Zot:3 Zot:4 Zot:5)
  9 frost giants (Vaults:2 Depths:1 Depths:2 Depths:3 Depths:4)
  12 draconian shifters (Depths:4 Zot:1 Zot:2 Zot:3 Zot:5)
  11 draconian knights (Zot:1 Zot:2 Zot:4 Zot:5)
  4 draconian monks (Zot:1 Zot:3)
  7 deep elf sorcerers (Elf:3)
  3 iron dragons (Depths:3 Depths:4 Zot:4)
  Louise (Shoals:3)
  3 imperial myrmidons (Desolation)
  6 deep elf elementalists (Elf:3)
  7 ghost moths (WizLab Zot:1 Zot:4 Zot:5)
  2 draconian stormcallers (Depths:4 Zot:2)
  13 vault wardens (Vaults:1 Arena Vaults:2 Vaults:3 Vaults:4)
  12 ironbound preservers (D:14 Vaults:2 Vaults:3 Vaults:4)
  5 orc warlords (D:10 Vaults:2 Vaults:3 Depths:2)
  11 very ugly things (Depths:1 Depths:2 Depths:3)
  2 angels (Vaults:1)
  2 cacodemons (WizLab Zot:5)
  12 draconian annihilators (Zot:1 Zot:2 Zot:4 Zot:5)
  5 spriggan defenders (Depths:1 Depths:2 Depths:4)
  9 stone giants (Depths:1 Depths:2 Depths:3 Depths:4)
  8 quicksilver oozes (Slime:2 Slime:4 Slime:5)
  10 ironbound thunderhulks (Vaults:1 Vaults:2 Vaults:3 Vaults:4)
  2 broodmothers (WizLab)
  2 formless jellyfish (Vaults:3 Vaults:4)
  16 green draconians (Depths:4 Zot:1 Zot:2 Zot:3 Zot:4)
  3 demonspawn black suns (Zot:3)
  4 deep elf demonologists (Elf:1 Elf:3)
  A lorocyproca (Depths:4)
  8 deep elf annihilators (Vaults:2 Elf:3 Arena)
  8 deep elf death magi (Vaults:3 Arena Elf:3)
  A minotaur (Gauntlet)
  3 vampire knights (Depths:1 Depths:2 Depths:4)
  6 black draconians (Zot:1 Zot:4 Zot:5)
  9 dire elephants (Vaults:1 Vaults:2 Vaults:4)
  14 red draconians (Zot:1 Zot:2 Zot:3 Zot:4 Zot:5)
  11 yellow draconians (Zot:1 Zot:2 Zot:4 Zot:5)
  The ghost of jamsaran the Arsonist, a journeyman DgFE (Lair:2)
  21 purple draconians (Depths:4 Zot:1 Zot:2 Zot:3 Zot:4)
  7 white draconians (Depths:4 Zot:1 Zot:2 Zot:5)
  2 halazid warlocks (Desolation)
  7 spark wasps (Depths:1 Depths:2 Depths:3)
  8 merfolk impalers (Shoals:2 Shoals:3 Shoals:4)
  A blizzard demon (Gauntlet)
  8 merfolk javelineers (Shoals:3 Shoals:4 Depths:3)
  3 ettins (Depths:2 Depths:4)
  2 crystal guardians (Desolation)
  16 fire dragons (Depths:1 Depths:2 Depths:3 Depths:4 Zot:4)
  2 entropy weavers (Vaults:2 WizLab)
  6 deep elf high priests (Elf:1 Elf:3)
  11 rakshasas (Depths:1 WizLab Arena Depths:2 Depths:3)
  12 yaktaur captains (Vaults:1 Vaults:2 Vaults:3 Vaults:4)
  7 ragged hierophants (Desolation)
  7 ice dragons (Depths:1 Depths:2 Depths:4 Zot:4)
  14 great orbs of eyes (Gauntlet D:14 Vaults:2 Vaults:3 Vaults:4)
  2 salamander tyrants (Snake:4)
  2 catoblepae (Lair:5 Shoals:3)
  8 merfolk avatars (Shoals:1 Arena Shoals:2 Shoals:3 Shoals:4)
  10 ironbound frosthearts (Vaults:1 Vaults:2 Vaults:3 Vaults:4)
  A hell beast (Depths:4)
  4 ogre magi (Orc:2 D:15 Vaults:1)
  9 servants of whispers (Desolation)
  8 hydras (Lair:3 Lair:5 D:13 D:15)
  5 spriggan air magi (Depths:2 Depths:3 Depths:4)
  A spriggan skeleton (Depths:1)
  13 centaur warriors (D:14 D:15 Vaults:1)
  9 vault guards (D:14 Vaults:1 Vaults:2 Vaults:4)
  5 peacekeepers (Desolation Vaults:4)
  3 alligator snapping turtles (Shoals:1 Shoals:4)
  4 merfolk aquamancers (Shoals:4)
  A death knight (D:14)
  8 two-headed ogres (D:10 D:15)
  5 alligators (Lair:5 Shoals:1)
  16 dancing weapons (Elf:1 Elf:2 Elf:3)
  4 boulder beetles (D:15 Vaults:2 Vaults:3)
  2 satyrs (Shoals:4 Arena)
  11 anacondas (Snake:1 Snake:2 Snake:3 Snake:4)
  Erica (Lair:1)
  A hell hog (Depths:4)
  16 death yaks (Lair:2 Lair:5)
  13 naga warriors (Snake:1 Snake:2 Snake:3 Snake:4)
  9 tengu warriors (Gauntlet D:13 D:15 Depths:1 Depths:2)
  A deep troll earth mage (Depths:4)
  4 deep troll shamans (Lair:5 Depths:2 Depths:3 Depths:4)
  A sphinx skeleton (Depths:1)
  Urug (D:10)
  8 naga sharpshooters (Snake:3 Snake:4)
  3 orc high priests (Orc:2 Orc:1)
  5 shock serpents (Snake:1 Snake:2 Snake:3 Snake:4)
  A titan zombie (Depths:1)
  12 deep elf knights (Elf:1 Elf:2 Elf:3 Depths:2)
  An occultist (Depths:3)
  10 spriggan berserkers (Depths:1 Depths:2 Depths:3 Depths:4)
  7 spriggans (Depths:1 Depths:2 Depths:4)
  A soul eater (Depths:4)
  2 sun demons (D:2)
  2 sixfirhies (Zot:5)
  4 skysharks (Lair:4 Shoals:1 Shoals:3)
  A spark wasp zombie (Depths:1)
  5 iron trolls (Depths:2 Depths:4)
  4 salamander mystics (Snake:2 Snake:3 Snake:4)
  A death drake (WizLab)
  5 glowing orange brains (Depths:1 Depths:4)
  2 deep trolls (shapeshifter) (Depths:1 Depths:3)
  A skeletal warrior (D:14)
  A cherub (Zot:4)
  16 sea snakes (Shoals:1 Shoals:2 Shoals:3 Shoals:4)
  3 large abominations (WizLab)
  An orb spider (shapeshifter) (Depths:3)
  34 deep trolls (Vaults:1 Vaults:2 Vaults:3 Vaults:4 Depths:3)
  2 obsidian statues (WizLab)
  7 mana vipers (Snake:1 Snake:2 Snake:3 Snake:4)
  2 mana vipers (shapeshifter) (Depths:3)
  6 arcanists (Vaults:1 Vaults:2 Vaults:4)
  An orange crystal statue (Depths:2)
  4 naga ritualists (Snake:1 Snake:2 Snake:3)
  4 flayed ghosts (Depths:2 Depths:3)
  A shadow demon (Depths:4)
  22 ironbound convokers (Vaults:1 Vaults:2 Vaults:3 Vaults:4)
  An anaconda skeleton (WizLab)
  2 phantasmal warriors (D:14 Vaults:1)
  An orb spider (WizLab)
  Pikel (D:4)
  A harpy (shapeshifter) (D:13)
  10 lindwurms (Vaults:2 Vaults:4)
  23 deep elf zephyrmancers (Elf:1 Elf:2 Elf:3)
  34 harpies (Lair:3 Shoals:1 Shoals:2 Shoals:3 Shoals:4)
  An elf zombie (Vaults:3)
  16 orc knights (Orc:1 Orc:2 D:11 Vaults:2 Vaults:3)
  A spectral hydra (Lair:2)
  4 necromancers (Vaults:3 Depths:1)
  19 deep elf archers (Elf:1 Elf:2 Elf:3 Depths:2)
  11 fauns (Shoals:1 Shoals:2)
  48 ugly things (Gauntlet D:13 D:14 Vaults:1 Vaults:2)
  3 shining eyes (Slime:1 Slime:5)
  28 deep elf pyromancers (D:13 D:14 Orc:2 Elf:1 Elf:2)
  5 orc sorcerers (D:10 Orc:1 Orc:2 Snake:3)
  12 salamanders (Snake:1 Snake:2 Snake:3 Snake:4)
  6 cyclopes (D:11 D:12 D:14 Shoals:2 Shoals:4)
  19 moths of wrath (Zot:1 Zot:2 Zot:3 Zot:4 Zot:5)
  A fire giant zombie (Depths:1)
  14 manticores (D:13 D:15 Shoals:1 Shoals:2 Shoals:4)
  2 rust devils (D:10)
  19 vault sentinels (Vaults:1 Vaults:2 Vaults:3 Vaults:4)
  2 worldbinders (WizLab)
  10 elephants (Lair:3 Lair:5)
  2 frost giant skeletons (Depths:1)
  11 merfolk sirens (Shoals:1 Shoals:3 Shoals:4)
  A moth of wrath (shapeshifter) (Depths:1)
  11 guardian serpents (Snake:4 Desolation)
  4 kobold blastminers (Orc:2)
  3 eyes of devastation (Vaults:2 Slime:5)
  Joseph (Lair:1)
  A shining eye (shapeshifter) (Depths:3)
  12 naga magi (Snake:1 Snake:2 Snake:3)
  4 molten gargoyles (Desolation)
  35 black mambas (Lair:2 Lair:3 Lair:5 Snake:1 Snake:2)
  A torpor snail (Lair:3)
  6 water nymphs (Shoals:1 Shoals:3 Shoals:4)
  3 gargoyles (D:12 D:13 D:14)
  A smoke demon (Depths:4)
  An apocalypse crab (WizLab)
  10 cane toads (Lair:1 D:9 Lair:3 Lair:4 Lair:5)
  An orange demon (Zot:5)
  A cane toad (shapeshifter) (D:15)
  A dire elephant skeleton (WizLab)
  2 minotaur zombies (Gauntlet)
  A kobold demonologist (D:12)
  4 rime drakes (Lair:1 Lair:2 Lair:3 Lair:5)
  An unseen horror (shapeshifter) (Elf:3)
  5 freezing wraiths (D:14 Vaults:2 WizLab Depths:4)
  19 yaktaurs (Vaults:1 Vaults:2 Vaults:3 Vaults:4)
  9 komodo dragons (Lair:1 Lair:2 Lair:3 Lair:4)
  7 tengu conjurers (Gauntlet D:13 D:15 Depths:1 Depths:2)
  9 trolls (D:9 D:10 Orc:2 D:11 D:12)
  5 wind drakes (Shoals:1 Shoals:3 Shoals:4)
  41 merfolk (Shoals:1 Shoals:2 Shoals:3 Shoals:4 Zot:2)
  A polar bear (Lair:3)
  55 saltlings (Desolation)
  A tyrant leech (Zot:2)
  6 glass eyes (Depths:1 Depths:3)
  9 hornets (Lair:2 Orc:2 Depths:1 Depths:2 Depths:4)
  A spectral dream sheep (Lair:2)
  11 blink frogs (Lair:2 Lair:3 Lair:4)
  10 snapping turtles (Shoals:1 Shoals:2 Shoals:3 Shoals:4)
  A raiju (WizLab)
  9 dream sheep (Shoals:2 Shoals:4)
  A glass eye (shapeshifter) (Depths:3)
  A human simulacrum (Vaults:3)
  A shadow (D:9)
  52 slime creatures (D:12 Vaults:1 Vaults:2 Vaults:3 Lair:5)
  4 wraiths (D:11 D:12)
  4 air elementals (Elf:1 Elf:2)
  4 jumping spiders (WizLab)
  3 small abominations (Gauntlet)
  45 yaks (D:8 D:9 Lair:1 Lair:2 Lair:3)
  6 wyverns (D:9 Lair:1 Lair:3 Lair:4)
  A fire elemental (Elf:2)
  9 water elementals (Shoals:2 Shoals:4 Depths:3)
  A ynoxinul (Gauntlet)
  12 golden eyes (Slime:1 Lair:5 Slime:4)
  7 basilisks (Lair:3 Lair:4 Lair:5 Shoals:3)
  3 wargs (Orc:1 Orc:2 Snake:3)
  A redback (WizLab)
  9 vampire mosquitoes (D:13 D:14)
  2 starcursed masses (WizLab)
  A steam dragon (D:8)
  A chaos spawn (Zot:2)
  An acid dragon (D:9)
  A glowing shapeshifter zombie (Depths:1)
  31 nagas (Snake:1 Snake:2 Snake:3 Snake:4)
  28 orc warriors (D:7 D:9 D:10 Orc:1 Orc:2)
  22 water moccasins (D:7 D:8 Lair:1 Lair:2 Lair:3)
  A glowing shapeshifter skeleton (Vaults:3)
  2 sky beasts (D:7)
  5 spriggan simulacra (Depths:3)
  2 black bears (D:4 Lair:5)
  2 laughing skulls (D:15)
  6 ogres (D:6 Orc:1 Orc:2)
  7 boggarts (D:14 Vaults:1)
  2 black mamba simulacra (Lair:2)
  9 wolves (Lair:2 Lair:3 Lair:5)
  A centaur (D:10)
  A phantom (D:4)
  A lemure (D:3)
  6 kobold brigands (D:7 D:9 D:10)
  5 bullfrogs (D:7 Lair:1 Lair:3)
  A gnoll sergeant (D:9)
  3 earth elementals (Elf:1 Elf:2 Elf:3)
  4 scorpions (D:6)
  12 wights (D:7 D:8)
  2 electric eels (Lair:3 Lair:4)
  8 howler monkeys (D:5 D:6 D:8 D:10 D:11)
  A komodo dragon simulacrum (Lair:2)
  2 bombardier beetles (D:3 D:5)
  3 hounds (D:4 D:6)
  A jelly (D:5)
  A gnoll bouda (D:4)
  13 orc priests (D:6 D:10 Orc:1 Orc:2 D:11)
  4 iron imps (Gauntlet)
  4 iguanas (D:4 D:3 D:6)
  16 orc wizards (D:3 D:9 D:10 Orc:1 Orc:2)
  9 adders (D:2 D:3 D:5 D:6)
  7 gnolls (D:4 D:9)
  A shadow imp (D:7)
  3 white imps (D:5 D:7 D:8)
  A ribbon worm (D:4)
  7 dart slugs (D:1 D:3 D:4 D:5)
  49 orcs (D:3 D:4 D:5 D:7 D:6)
  2 bats (D:2 D:3)
  8 endoplasms (D:1 D:2 D:3 D:4)
  3 giant cockroaches (D:2 D:3 D:4)
  7 goblins (D:1 D:2 D:3 D:4)
  6 hobgoblins (D:1 D:3 D:4)
  2 jackals (D:2)
  3 quokkas (D:1 D:4 D:5)
  6 ball pythons (D:1 D:2 D:3 D:4)
  6 frilled lizards (D:2 D:3)
  29 kobolds (D:1 D:2 D:3 D:4 D:7)
  2 rats (D:1 D:3)
  An aspiring flesh (Zot:2)
  11 starspawn tentacles (WizLab)
2088 creatures vanquished.

Vanquished Creatures (others)
  2 draconian knights (Zot:4)
  A draconian annihilator (Zot:4)
  A deep elf knight (Elf:2)
  A deep elf pyromancer (Elf:1)
  A merfolk (Shoals:4)
  A ynoxinul (Zot:5)
  An orc warrior (Snake:3)
  2 boggarts (Vaults:1)
  An orc wizard (Orc:1)
  An orc (Orc:1)
  8 starspawn tentacles (WizLab)
20 creatures vanquished.

Grand Total: 2108 creatures vanquished

Notes
Turn   | Place    | Note
-------+----------+-------------------------------------------
     0 | D:1      | particleface the Minotaur Alchemist began the quest for the
                  | Orb.
     0 | D:1      | Reached XP level 1. HP: 14/14 MP: 1/1
    16 | D:1      | HP: 6/14 [goblin/+0 club (4)]
   120 | D:1      | Reached skill level 1 in Fighting
   200 | D:1      | Reached skill level 2 in Fighting
   242 | D:1      | Reached XP level 2. HP: 24/24 MP: 0/3
   346 | D:1      | Reached skill level 1 in Staves
   675 | D:1      | Reached skill level 2 in Staves
   750 | D:1      | HP: 10/24 [frozen (5)]
   828 | D:1      | Reached XP level 3. HP: 29/29 MP: 1/4
  1171 | D:2      | Reached skill level 3 in Staves
  1216 | D:2      | Found a snail-covered altar of Cheibriados.
  1877 | D:3      | Reached XP level 4. HP: 34/36 MP: 5/5
  1977 | D:3      | Found a broken altar of Ashenzari.
  2011 | D:3      | Reached skill level 4 in Staves
  2398 | D:3      | Found a faded altar of an unknown god.
  2573 | D:4      | Reached skill level 5 in Staves
  2627 | D:4      | Noticed a black bear
  2744 | D:3      | HP: 17/36 [orc/+0 flail (4)]
  2750 | D:3      | Reached XP level 5. HP: 22/44 MP: 6/6
  2835 | D:4      | Reached skill level 3 in Fighting
  2908 | D:4      | Noticed a phantom
  2925 | D:4      | Killed a phantom
  2926 | D:4      | Reached skill level 4 in Fighting
  3004 | D:4      | Killed a black bear
  3005 | D:4      | Reached skill level 6 in Staves
  3005 | D:4      | Reached XP level 6. HP: 35/52 MP: 7/7
  3180 | D:4      | HP: 25/52 [gnoll/+0 spear[a gnoll bouda] (3)]
  3431 | D:4      | Reached skill level 7 in Staves
  3654 | D:4      | Noticed Pikel
  3777 | D:4      | Killed Pikel
  3778 | D:4      | Reached skill level 6 in Fighting
  3778 | D:4      | Reached skill level 5 in Armour
  3778 | D:4      | Reached XP level 7. HP: 49/63 MP: 8/8
  4112 | D:5      | Entered Level 5 of the Dungeon
  4281 | D:5      | Reached skill level 1 in Throwing
  4281 | D:5      | Reached XP level 8. HP: 70/70 MP: 9/9
  4547 | D:5      | Found a burning altar of Makhleb.
  4744 | D:6      | Found a staircase to the Ecumenical Temple.
  4753 | Temple   | Entered the Ecumenical Temple
  4769 | Temple   | Became a worshipper of Warmaster Okawaru
  4870 | D:6      | Reached skill level 7 in Fighting
  4932 | D:6      | Reached skill level 8 in Fighting
  5171 | D:6      | Reached * piety under Okawaru
  5215 | D:6      | Reached skill level 1 in Invocations
  5314 | D:6      | Found Pouggim's Jewellery Shop.
  5410 | D:6      | Reached skill level 2 in Invocations
  5600 | D:7      | Reached skill level 3 in Invocations
  5671 | D:7      | Found an opulent altar of Gozag.
  5718 | D:7      | Identified the +0 robe of the Guilds {rC- Regen+ MP+9
                  | Dex+6}
  5771 | D:7      | Found Qodudd's Mass Market.
  5794 | D:7      | Reached skill level 4 in Invocations
  5832 | D:7      | Reached skill level 9 in Fighting
  5880 | D:7      | Reached XP level 9. HP: 81/83 MP: 11/11
  6096 | D:7      | Reached skill level 10 in Fighting
  6096 | D:7      | HP: 33/83 [wight/+0 battleaxe (11)]
  6098 | D:7      | HP: 13/81 [wight/+0 battleaxe (14)]
  6099 | D:7      | HP: 6/79 [wight/+5 long sword of freezing (4)]
  6184 | D:7      | Reached skill level 1 in Axes
  6192 | D:7      | HP: 35/80 [wight/bolt of dispelling energy (6)]
  6194 | D:7      | Reached skill level 2 in Axes
  6199 | D:7      | Reached skill level 3 in Axes
  6503 | D:7      | Bought a +0 plate armour of fire resistance for 420 gold
                  | pieces
  6571 | D:8      | Reached skill level 4 in Axes
  6603 | D:7      | Reached ** piety under Okawaru
  6604 | D:7      | Reached skill level 5 in Axes
  6727 | D:8      | Reached skill level 6 in Axes
  6737 | D:7      | HP: 40/85 [poisoned by an orc warrior]
  6742 | D:7      | HP: 30/85 [poisoned by an orc warrior]
  6747 | D:7      | HP: 27/85 [poisoned by an orc warrior]
  6961 | D:8      | Reached skill level 7 in Axes
  7168 | D:8      | Found Inyvoq's Weapon Shop.
  7357 | D:8      | Reached skill level 8 in Axes
  7366 | D:8      | Reached skill level 9 in Axes
  7374 | D:8      | Reached XP level 10. HP: 79/93 MP: 12/12
  7381 | D:8      | Reached *** piety under Okawaru
  7933 | D:9      | Found a runed translucent gate.
  8019 | D:9      | Identified 2 scrolls of acquirement
  8019 | D:9      | Acquired 1041 gold pieces
  8114 | D:6      | Bought the amulet "Vyzxooxu" {Acrobat Will+} for 596 gold
                  | pieces
  8120 | D:6      | Acquired the +5 scale mail of Farfalle {Rampage rPois Will+
                  | Dex-4}
  8305 | D:9      | Reached skill level 10 in Axes
  8305 | D:9      | Reached skill level 1 in Evocations
  8336 | D:9      | HP: 42/93 [troll (11)]
  8689 | D:9      | Noticed a rust devil
  8690 | D:9      | Noticed a rust devil
  8752 | D:9      | Found a staircase to the Lair.
  8817 | D:9      | Found a runed translucent gate.
  8817 | D:9      | Found a runed translucent gate.
  8818 | D:9      | Identified the +3 war axe of the Mauling Hawk {pain, rPois
                  | rN+ Str-3 Int+6}
  8869 | D:9      | Reached skill level 11 in Axes
  8958 | D:9      | Found a glowing silver altar of Zin.
  9025 | D:9      | Reached **** piety under Okawaru
  9149 | D:9      | Reached skill level 12 in Axes
  9448 | D:9      | Found a sparkling altar of Nemelex Xobeh.
  9449 | D:9      | Found a sacrificial altar of Ru.
  9449 | D:9      | Found a snail-covered altar of Cheibriados.
  9453 | D:9      | Found a radiant altar of Vehumet.
  9454 | D:9      | Found a blossoming altar of Fedhas.
  9510 | Lair:1   | Entered Level 1 of the Lair of Beasts
  9646 | Lair:1   | Reached skill level 11 in Fighting
  9659 | Lair:1   | Noticed a cane toad
  9674 | Lair:1   | Killed a cane toad
  9678 | Lair:1   | Noticed a cane toad
  9691 | D:9      | Killed a cane toad
  9692 | D:9      | Reached skill level 12 in Fighting
  9694 | D:9      | Reached skill level 6 in Armour
  9699 | Lair:1   | Reached XP level 11. HP: 63/104 MP: 13/13
  9853 | Lair:1   | Noticed Erica
  9871 | Lair:1   | Killed Erica
  9872 | Lair:1   | Reached skill level 7 in Armour
  9987 | Lair:1   | Reached ***** piety under Okawaru
 10027 | Lair:1   | Reached skill level 8 in Armour
 10125 | Lair:1   | Noticed Joseph
 10139 | Lair:1   | Killed Joseph
 10407 | Lair:1   | Received a gift from Okawaru
 10535 | Lair:1   | Found a bloodstained altar of Trog.
 10681 | Lair:1   | Reached skill level 2 in Evocations
 10922 | Lair:1   | Reached skill level 3 in Dodging
 11052 | Lair:2   | Acquired the +1 pair of gloves of Yredelemnul's Envy {rPois
                  | rN+ rCorr}
 11125 | Lair:2   | Found a gate leading to a gauntlet.
 11140 | Gauntlet | Entered a Gauntlet
 11140 | Gauntlet | Found a transporter.
 11143 | Gauntlet | Found a transporter.
 11147 | Gauntlet | Found a transporter.
 11152 | Gauntlet | Found a transporter.
 11157 | Gauntlet | Found a transporter.
 11160 | Gauntlet | Found a transporter.
 11164 | Gauntlet | Found a runed translucent door.
 11164 | Gauntlet | Found a runed translucent door.
 11166 | Gauntlet | Noticed a tengu warrior
 11168 | Gauntlet | Found a transporter.
 11172 | Gauntlet | Found a transporter.
 11176 | Gauntlet | Noticed a blizzard demon
 11180 | Gauntlet | Found a transporter.
 11184 | Gauntlet | Found a transporter.
 11186 | Gauntlet | Noticed a brown ugly thing
 11188 | Gauntlet | Noticed a great orb of eyes
 11197 | Gauntlet | Found a transporter.
 11213 | Gauntlet | Found a transporter.
 11225 | Gauntlet | Found a transporter.
 11238 | Gauntlet | Found a transporter.
 11286 | Gauntlet | Reached skill level 4 in Dodging
 11288 | Gauntlet | HP: 51/104 [small abomination (13)]
 11500 | Gauntlet | Reached skill level 5 in Dodging
 11517 | Gauntlet | Killed a tengu warrior
 11518 | Gauntlet | Reached skill level 6 in Dodging
 11643 | Gauntlet | Killed a blizzard demon
 11644 | Gauntlet | Reached skill level 3 in Shields
 11880 | Gauntlet | Killed a brown ugly thing
 11881 | Gauntlet | Reached skill level 4 in Shields
 11886 | Gauntlet | Killed a great orb of eyes
 11931 | Gauntlet | Noticed a minotaur
 11946 | Gauntlet | HP: 44/104 [minotaur (12)]
 11956 | Gauntlet | Killed a minotaur
 11957 | Gauntlet | Reached skill level 5 in Invocations
 11965 | Gauntlet | Reached skill level 6 in Invocations
 11986 | Gauntlet | HP: 43/104 [minotaur zombie (11)]
 11991 | Gauntlet | HP: 50/104 [minotaur zombie (1)]
 11998 | Gauntlet | HP: 37/104 [minotaur zombie's headbutt (2)]
 12268 | Lair:2   | Reached XP level 12. HP: 109/112 MP: 16/16
 12270 | Lair:2   | Reached skill level 7 in Invocations
 12290 | Lair:2   | Noticed a death yak
 12290 | Lair:2   | Noticed a death yak
 12312 | Lair:2   | Noticed a death yak
 12313 | Lair:2   | Killed a death yak
 12314 | Lair:2   | Noticed a death yak
 12350 | Lair:2   | Killed a death yak
 12351 | Lair:2   | Reached skill level 8 in Invocations
 12364 | Lair:2   | Killed a death yak
 12365 | Lair:2   | Reached skill level 2 in Throwing
 12369 | Lair:2   | Killed a death yak
 12370 | Lair:2   | Reached skill level 3 in Throwing
 12533 | Lair:2   | Identified the +4 battleaxe of Moathryi {venom, *Noise rC+
                  | Int+3}
 12576 | Lair:2   | Reached skill level 4 in Throwing
 12610 | Lair:2   | Received a gift from Okawaru
 12791 | Lair:2   | Found a runed translucent gate.
 12791 | Lair:2   | Found a runed translucent gate.
 12791 | Lair:2   | Found a runed translucent gate.
 12795 | Lair:2   | Noticed jamsaran's ghost (journeyman DgFE)
 13007 | Lair:3   | Noticed a five-headed hydra
 13018 | Lair:3   | HP: 52/112 [one-headed hydra (7)]
 13019 | Lair:3   | Killed a one-headed hydra
 13023 | Lair:3   | HP: 51/112 [water moccasin (2)]
 13028 | Lair:2   | HP: 41/112 [poisoned by a water moccasin]
 13033 | Lair:2   | HP: 37/112 [poisoned by a water moccasin]
 13244 | Lair:2   | Reached skill level 13 in Axes
 13805 | Lair:3   | Reached skill level 14 in Axes
 13830 | Lair:3   | Reached skill level 9 in Armour
 13974 | Lair:3   | Received a gift from Okawaru
 13980 | Lair:3   | Reached skill level 10 in Armour
 14140 | Lair:3   | Found a staircase to the Snake Pit.
 14153 | Lair:3   | Found a staircase to the Shoals.
 14158 | Lair:3   | Reached skill level 11 in Armour
 14199 | Lair:3   | Reached XP level 13. HP: 67/118 MP: 18/18
 14516 | Lair:3   | Received a gift from Okawaru
 14517 | Lair:3   | Reached skill level 12 in Armour
 15041 | Lair:4   | Reached skill level 13 in Armour
 15659 | Lair:4   | HP: 49/118 [skyshark (11)]
 15661 | Lair:4   | HP: 20/118 [skyshark (11)]
 16352 | Lair:5   | Entered Level 5 of the Lair of Beasts
 16500 | Lair:5   | Reached skill level 14 in Armour
 16558 | Lair:5   | HP: 59/118 [four-headed hydra (10)]
 16563 | Lair:5   | HP: 44/118 [poisoned by a cane toad]
 16568 | Lair:5   | HP: 32/118 [poisoned by a cane toad]
 16573 | Lair:5   | HP: 29/118 [poisoned by a cane toad]
 16829 | Lair:5   | Received a gift from Okawaru
 16830 | Lair:5   | Reached skill level 9 in Invocations
 16851 | Lair:5   | Reached skill level 10 in Invocations
 16995 | Lair:5   | Found a runed translucent door.
 16996 | Lair:5   | Noticed an azure jelly
 16997 | Lair:5   | Noticed an azure jelly
 16998 | Lair:5   | Found a staircase to the Slime Pits.
 17147 | Lair:5   | HP: 57/118 [death yak (6)]
 17482 | Lair:5   | Reached skill level 11 in Invocations
 17482 | Lair:5   | Received a gift from Okawaru
 17628 | Lair:5   | Reached XP level 14. HP: 126/126 MP: 21/21
 17901 | Lair:5   | Reached ****** piety under Okawaru
 18027 | Lair:4   | Acquired a +0 broad axe of freezing
 18027 | Lair:4   | Received a gift from Okawaru
 18044 | Lair:4   | Acquired the +14 crystal plate armour of the Heavens {rPois
                  | rCorr}
 18044 | Lair:4   | Received a gift from Okawaru
 18216 | Lair:5   | Reached skill level 12 in Invocations
 18990 | D:10     | Entered Level 10 of the Dungeon
 19100 | D:10     | Found a staircase to the Orcish Mines.
 19595 | D:10     | Found Kousivux's Weapon Boutique.
 20026 | Orc:1    | Entered Level 1 of the Orcish Mines
 20026 | Orc:1    | Noticed Urug
 20027 | Orc:1    | Noticed Jorgrun
 20035 | D:10     | Received a gift from Okawaru
 20050 | Orc:1    | Noticed an orc warlord
 20080 | D:10     | Killed an orc warlord
 20081 | D:10     | Reached skill level 15 in Axes
 20195 | D:10     | Killed Jorgrun
 20234 | D:10     | Killed Urug
 20693 | Orc:1    | Reached skill level 16 in Axes
 21075 | Orc:2    | Entered Level 2 of the Orcish Mines
 21272 | Orc:2    | Noticed Sonja
 21280 | Orc:2    | Sonja changed into Sonja the hornet
 21280 | Orc:2    | Noticed Sonja
 21284 | Orc:2    | Killed Sonja the hornet
 21311 | Orc:2    | Received a gift from Okawaru
 21349 | Orc:2    | Found a staircase to the Elven Halls.
 21442 | Orc:2    | Found Ofrelal's Assorted Antiques.
 21453 | Orc:2    | Bought a scroll of teleportation for 93 gold pieces
 21453 | Orc:2    | Bought a forked copper wand for 124 gold pieces
 21453 | Orc:2    | Bought a scroll of teleportation for 93 gold pieces
 21453 | Orc:2    | Bought a phial of floods for 1240 gold pieces
 21902 | Orc:1    | Reached skill level 17 in Axes
 22083 | Orc:2    | Found Wobas's Jewellery Shoppe.
 22083 | Orc:2    | Found Pira's Jewellery Shop.
 22087 | Orc:2    | Found Sousm's Distillery.
 22087 | Orc:2    | Found Vics's Jewellery Shop.
 22096 | Orc:2    | Bought a potion of enlightenment for 70 gold pieces
 22378 | D:11     | Found Yduen's Self-Improvement Boutique.
 23169 | D:11     | HP: 49/126 [orc knight/+2 great sword of electrocution
                  | (19)]
 23175 | D:11     | Received a gift from Okawaru
 23490 | D:12     | Reached skill level 18 in Axes
 23490 | D:12     | particleface: !lg . won title~~arms s=title
 23490 | D:12     | beem: 20 games for particleface (won title~~arms):
                  | Ant-At-Arms, Armataur-At-Arms, Draconian-At-Arms,
                  | Frog-At-Arms, Gargoyle-At-Arms, Ghoul-At-Arms,
                  | Gnoll-At-Arms, Hill Orc-At-Arms, Human-At-Arms,
                  | Kobold-At-Arms, Minotaur-At-Arms, Mummy-At-Arms,
                  | Naga-At-Arms, Oni-At-Arms, Palentonga-At-Arms,
                  | Spriggan-At-Arms, Tengu-At-Arms, Troll-At-Arms,
                  | Vampire-At-Arms, Vine Stalker-At-Arms
 23490 | D:12     | particleface: !lg . won title~~minotaur s=title
 23490 | D:12     | beem: 10 games for particleface (won title~~minotaur): 4x
                  | Minotaur Barricade, Minotaur Catapult, Minotaur Porcupine,
                  | Minotaur Cataclysm, Minotaur-At-Arms, Minotaur Catastrophe,
                  | Minotaur Child
 24063 | D:13     | Found Violat's Magic Scroll Shop.
 24108 | D:13     | Bought a scroll of identify for 26 gold pieces
 24109 | D:13     | Bought a scroll of teleportation for 39 gold pieces
 24109 | D:13     | Bought a scroll of teleportation for 39 gold pieces
 24109 | D:13     | Bought a scroll of vulnerability for 52 gold pieces
 24176 | D:13     | Reached skill level 13 in Fighting
 24176 | D:13     | Reached XP level 15. HP: 112/135 MP: 23/23
 24586 | D:13     | Identified the +1 pair of gloves of Death Resistance {Harm
                  | rElec rC- Int-4}
 24882 | D:14     | Found a shimmering altar of Xom.
 24882 | D:14     | Found a shimmering altar of Xom.
 24882 | D:14     | Found a shimmering altar of Xom.
 24882 | D:14     | Found a shimmering altar of Xom.
 24883 | D:14     | Found a shimmering altar of Xom.
 24883 | D:14     | Found a shimmering altar of Xom.
 24883 | D:14     | Found a shimmering altar of Xom.
 25188 | D:14     | Found a gate to the Vaults.
 25193 | D:14     | Received a gift from Okawaru
 25194 | D:14     | Reached skill level 14 in Fighting
 25203 | D:14     | Reached skill level 3 in Evocations
 25218 | D:14     | Reached skill level 4 in Evocations
 25289 | D:14     | Reached skill level 5 in Evocations
 25292 | D:14     | Reached skill level 5 in Throwing
 25301 | D:14     | Found Cifoinn's Book Emporium.
 25334 | D:14     | Found a shimmering altar of Xom.
 25432 | D:14     | HP: 59/138 [phantasmal warrior[a death knight] (17)]
 25438 | D:14     | Reached skill level 6 in Throwing
 25939 | D:15     | Entered Level 15 of the Dungeon
 26069 | D:15     | Received a gift from Okawaru
 26076 | D:15     | Reached skill level 7 in Throwing
 26099 | D:15     | Reached skill level 8 in Throwing
 26393 | D:15     | Found a staircase to the Depths.
 26393 | D:15     | Noticed a fire giant
 26404 | D:15     | Killed a fire giant
 26721 | D:15     | Received a gift from Okawaru
 27327 | D:10     | Reached skill level 15 in Fighting
 27533 | Lair:2   | Killed jamsaran's ghost
 27718 | Snake:1  | Entered Level 1 of the Snake Pit
 27746 | Snake:1  | HP: 68/141 [poisoned by naga (concentrated venom)]
 27751 | Lair:3   | HP: 42/141 [poisoned by a naga mage]
 28715 | Snake:1  | Reached skill level 16 in Fighting
 28797 | Snake:1  | Reached XP level 16. HP: 143/151 MP: 24/24
 29210 | Snake:1  | Reached skill level 5 in Shields
 29291 | Snake:1  | Received a gift from Okawaru
 29456 | Snake:2  | Reached skill level 6 in Shields
 29541 | Snake:2  | Reached skill level 7 in Shields
 29767 | Snake:2  | Reached skill level 8 in Shields
 29840 | Snake:2  | Reached skill level 9 in Shields
 30030 | Snake:2  | Found Zesh's Armour Boutique.
 30052 | Snake:2  | Received a gift from Okawaru
 30115 | Snake:2  | Reached skill level 10 in Shields
 30119 | Snake:2  | HP: 75/151 [naga/+0 glaive (2)]
 30143 | Snake:2  | HP: 71/151 [naga ritualist/Olgreb's Toxic Radiance (1)]
 30148 | Snake:2  | HP: 63/151 [poisoned by a naga ritualist (toxic radiance)]
 30153 | Snake:2  | HP: 55/151 [poisoned by a naga ritualist (toxic radiance)]
 30158 | Snake:2  | HP: 52/151 [poisoned by a naga ritualist (toxic radiance)]
 30385 | Snake:2  | Found Jupir's General Store.
 30818 | Snake:3  | Reached skill level 11 in Shields
 30844 | Snake:3  | Found Arimaecoq's Armour Boutique.
 31162 | Snake:3  | Received a gift from Okawaru
 31163 | Snake:3  | Reached skill level 12 in Shields
 31746 | Snake:3  | Noticed Agnes
 31761 | Snake:3  | Killed Agnes
 31762 | Snake:3  | Reached skill level 13 in Shields
 32093 | Snake:3  | Noticed Saint Roka
 32095 | Snake:3  | Received a gift from Okawaru
 32142 | Snake:3  | Killed Saint Roka
 32143 | Snake:3  | Reached skill level 14 in Shields
 32821 | Snake:4  | Entered Level 4 of the Snake Pit
 32938 | Snake:4  | Reached XP level 17. HP: 104/158 MP: 25/25
 32941 | Snake:4  | Reached skill level 15 in Shields
 33645 | Snake:4  | Found a runed translucent gate.
 33646 | Snake:4  | Found a runed translucent gate.
 33647 | Snake:4  | Found a runed translucent gate.
 33649 | Snake:4  | Noticed Jeykid's ghost (adept DgFE)
 33649 | Snake:4  | Noticed Vicweoh's ghost (adept GrFi)
 33843 | Snake:4  | Reached skill level 15 in Armour
 33969 | Snake:4  | Noticed a quicksilver dragon
 33973 | Snake:4  | HP: 62/158 [quicksilver dragon/bolt of dispelling energy
                  | (27)]
 33979 | Snake:4  | Killed a quicksilver dragon
 33979 | Snake:4  | HP: 74/158 [guardian serpent/bolt of poison (7)]
 33984 | Snake:4  | Received a gift from Okawaru
 34384 | Snake:4  | Got a serpentine rune of Zot
 34554 | Shoals:1 | Entered Level 1 of the Shoals
 34850 | Shoals:1 | Noticed Mlioglotl
 34853 | Arena    | Entered the Arena
 34861 | Arena    | Killed Mlioglotl
 34862 | Arena    | Reached skill level 16 in Armour
 35242 | Shoals:1 | Received a gift from Okawaru
 35426 | Shoals:1 | Reached skill level 17 in Armour
 35903 | Shoals:2 | Found Toetzu's Island Escapes.
 36056 | Shoals:2 | Reached skill level 18 in Armour
 36099 | Arena    | Entered the Arena
 36305 | Shoals:2 | Identified the +2 leather armour "Liope" {*Corrode *Slow
                  | Int+3 SInv}
 36976 | Shoals:3 | Acquired 888 gold pieces
 37201 | D:11     | Bought a manual of Throwing for 800 gold pieces
 37580 | Shoals:3 | Reached skill level 9 in Throwing
 37586 | Shoals:3 | Received a gift from Okawaru
 37749 | Shoals:3 | Reached skill level 10 in Throwing
 37961 | Shoals:3 | Reached skill level 11 in Throwing
 37987 | Shoals:3 | Found Jaoluido's General Store.
 38000 | Shoals:3 | Reached XP level 18. HP: 156/166 MP: 26/26
 38057 | Shoals:3 | Bought a scroll of enchant weapon for 142 gold pieces
 38057 | Shoals:3 | Bought a potion of curing for 57 gold pieces
 38057 | Shoals:3 | Bought a scroll of immolation for 76 gold pieces
 38058 | Shoals:3 | Bought a potion of ambrosia for 152 gold pieces
 38806 | Shoals:4 | Entered Level 4 of the Shoals
 38806 | Shoals:4 | Noticed Louise
 38819 | Shoals:3 | Killed Louise
 38820 | Shoals:3 | Reached skill level 12 in Throwing
 38870 | Shoals:3 | Upgraded the game from 0.32-a0-136-gc02482bde3 to
                  | 0.32-a0-163-g159c032296
 38893 | Shoals:4 | Received a gift from Okawaru
 38901 | Shoals:4 | Noticed Ilsuiw
 38904 | Shoals:4 | HP: 70/166 [snapping turtle (50)]
 38905 | Arena    | Entered the Arena
 38915 | Arena    | HP: 70/166 [something (4)]
 38926 | Arena    | Killed Ilsuiw
 38955 | Shoals:4 | Reached skill level 13 in Throwing
 39355 | Shoals:4 | Identified the ring of Besso {rN+ Str+6 Dex+2}
 39405 | Shoals:4 | Reached skill level 14 in Throwing
 39588 | Shoals:4 | Identified the +5 broad axe "Kaorox" {spect, rC++ Will-
                  | MP+9 Stlth+}
 39721 | Shoals:4 | Reached skill level 15 in Throwing
 40128 | Shoals:4 | Identified the staff of Fedhas's Favour {rF++ rN+ Str-4
                  | Int+2 Conj Necro}
 40180 | Shoals:4 | HP: 82/166 [drowned soul collision (15)]
 40181 | Arena    | Entered the Arena
 40413 | Shoals:4 | HP: 70/166 [alligator snapping turtle (18)]
 40493 | Shoals:4 | Reached skill level 16 in Throwing
 40727 | Shoals:4 | Got a barnacled rune of Zot
 40801 | Shoals:4 | HP: 67/166 [water nymph/the raging water (37)]
 40803 | Arena    | Entered the Arena
 40874 | Shoals:4 | Received a gift from Okawaru
 41365 | Vaults:1 | Entered Level 1 of the Vaults
 41388 | Vaults:1 | HP: 80/168 [ironbound thunderhulk/bolt of lightning (29)]
 41584 | D:14     | Reached skill level 17 in Fighting
 41798 | Vaults:1 | Found a glowing silver altar of Zin.
 41799 | Vaults:1 | Found a crumbling gateway.
 41799 | Vaults:1 | Found a white marble altar of Elyvilon.
 41809 | Vaults:1 | Found a glowing golden altar of the Shining One.
 41815 | Vaults:1 | Received a gift from Okawaru
 41842 | Desolati | Entered the Desolation of Salt
 41919 | Desolati | Reached skill level 18 in Fighting
 41935 | Desolati | HP: 81/172 [saltling (10)]
 41941 | Desolati | HP: 58/172 [imperial myrmidon/+0 scimitar (15)]
 42189 | Desolati | Reached skill level 7 in Dodging
 42195 | Desolati | Identified the ring "Baloty" {rN+ Will+ Stlth+}
 42206 | Desolati | Got the Annotations on Polar Hyperthermia
 42257 | Desolati | Identified the ring of Heiqar {*Slow rElec MP+9 Int+3
                  | Dex+6}
 42345 | Desolati | Reached skill level 8 in Dodging
 42345 | Desolati | Reached XP level 19. HP: 178/179 MP: 27/27
 42404 | Desolati | Identified the +7 short sword of Gloom {flame, +Blink rF+++
                  | Str-4 Int+5}
 42485 | Desolati | Reached skill level 9 in Dodging
 42834 | Desolati | Got the Incunable of Xanthotic Topomancy
 42849 | Desolati | Identified the +0 robe of Soft Rains {rF+++ Will+++ Int-4
                  | Dex-5}
 42870 | Desolati | Reached skill level 10 in Dodging
 42910 | Desolati | Identified the +0 leather armour of Pan-Flutes {Rampage
                  | Will+ MP-9 Str+2}
 43107 | Desolati | Identified the ring of Syndicalism {rElec rPois Int+6}
 43111 | Desolati | Identified the +6 dagger of Ferchaeq {pain, rPois rC+}
 43114 | Desolati | Identified the +6 dagger of Hidiweam {heavy, SInv}
 43120 | Desolati | Got the Quarto of Congelation
 43142 | Desolati | Received a gift from Okawaru
 43174 | Desolati | Identified the +4 war axe of Disarray {flame, *Rage rElec
                  | Str+4 Int+4}
 43178 | Desolati | Identified the +1 steam dragon scales "Gotwi" {rC- rN++}
 43360 | Desolati | Identified the +0 helmet of Icvonn {rCorr}
 43568 | Vaults:1 | Reached skill level 6 in Evocations
 43933 | Vaults:1 | Reached skill level 7 in Evocations
 44307 | Vaults:1 | Reached skill level 8 in Evocations
 44965 | Vaults:2 | Found Qeluuk's Armour Boutique.
 44988 | Vaults:2 | Identified the +0 scimitar of Gozag's Favour {freeze, rCorr
                  | Str+2 Int+4}
 45035 | Vaults:2 | HP: 46/179 [ironbound thunderhulk/bolt of lightning[a vault
                  | warden] (45)]
 45036 | Arena    | Entered the Arena
 45055 | Vaults:2 | HP: 55/179 [ironbound thunderhulk/bolt of lightning[a vault
                  | warden] (14)]
 45061 | Vaults:2 | HP: 46/179 [ironbound thunderhulk/+0 dire flail[a vault
                  | warden] (11)]
 45219 | Vaults:2 | Identified the +4 scale mail "Jiuhefim" {*Slow rPois Will+
                  | SInv}
 45371 | Vaults:2 | Received a gift from Okawaru
 45497 | Vaults:2 | Reached skill level 13 in Invocations
 45508 | Vaults:2 | HP: 76/179 [ironbound frostheart/creeping frost (39)]
 45970 | Vaults:2 | Reached skill level 14 in Invocations
 46267 | Vaults:2 | Noticed Xtahua
 46282 | Vaults:2 | Killed Xtahua
 46593 | Vaults:2 | Received a gift from Okawaru
 46594 | Vaults:2 | Reached XP level 20. HP: 175/187 MP: 30/30
 46675 | Vaults:2 | Reached skill level 15 in Invocations
 46861 | Vaults:2 | Noticed Mennas
 46879 | Vaults:2 | Killed Mennas
 46880 | Vaults:2 | Noticed Bai Suzhen
 46897 | Vaults:2 | Killed Bai Suzhen
 47270 | Vaults:2 | HP: 67/187 [frost giant/bolt of cold (28)]
 47623 | Vaults:2 | Found a transporter.
 47668 | Vaults:2 | Found a transporter.
 47849 | Vaults:2 | Received a gift from Okawaru
 47869 | Vaults:2 | Identified the ring "Ibaymufy" {rC+ Will+ MP-9 SInv}
 47883 | Vaults:2 | Identified the ring of Baczapru {rCorr Str-3 Int+5 SInv}
 48028 | Vaults:3 | Reached skill level 16 in Invocations
 48219 | Vaults:3 | Found a staircase to the Crypt.
 49165 | Vaults:3 | Reached skill level 17 in Invocations
 49226 | Vaults:3 | Received a gift from Okawaru
 49864 | Vaults:4 | Reached skill level 18 in Invocations
 49874 | Vaults:4 | HP: 88/187 [ironbound thunderhulk/+0 great mace (11)]
 50623 | Vaults:4 | HP: 73/187 [ironbound thunderhulk/bolt of lightning (31)]
 50632 | Vaults:4 | HP: 55/187 [ironbound thunderhulk/+0 dire flail (22)]
 50649 | Vaults:4 | Received a gift from Okawaru
 50932 | Vaults:4 | Reached skill level 19 in Invocations
 51128 | Vaults:4 | Reached XP level 21. HP: 194/194 MP: 33/33
 51708 | Elf:1    | Entered Level 1 of the Elven Halls
 51809 | Elf:1    | Found the macabre finger necklace {Finger+ rN+}
 52229 | Elf:1    | Reached skill level 19 in Fighting
 52241 | Elf:1    | Received a gift from Okawaru
 52502 | Elf:1    | Paralysed by an air elemental for 1 turns
 52508 | Elf:1    | Paralysed by an air elemental for 1 turns
 52577 | Elf:1    | Reached skill level 19 in Armour
 53212 | Elf:2    | Reached skill level 11 in Dodging
 53249 | Elf:2    | Paralysed by an air elemental for 1 turns
 53369 | Elf:2    | Received a gift from Okawaru
 53905 | Elf:2    | Found a huge runed translucent gate.
 53905 | Elf:2    | Found a huge runed translucent gate.
 53905 | Elf:2    | Found a huge runed translucent gate.
 53983 | Elf:2    | Found a huge runed translucent gate.
 53983 | Elf:2    | Found a huge runed translucent gate.
 54009 | Elf:3    | Entered Level 3 of the Elven Halls
 54812 | Elf:3    | Received a gift from Okawaru
 54834 | Elf:3    | HP: 61/198 [deep elf annihilator/crystal spear (79)]
 54848 | Elf:3    | HP: 90/198 [deep elf annihilator/+0 rapier (1)]
 54852 | Elf:3    | HP: 34/198 [deep elf annihilator/crystal spear (52)]
 54857 | Elf:3    | HP: 51/198 [poisoned by a deep elf annihilator (poison
                  | arrow)]
 54861 | Arena    | Entered the Arena
 54882 | Elf:3    | HP: 96/198 [deep elf annihilator/poison arrow (12)]
 54883 | Arena    | Entered the Arena
 54927 | Elf:3    | Reached skill level 20 in Invocations
 54965 | Elf:3    | HP: 96/198 [deep elf high priest/divine providence (8)]
 55235 | Elf:3    | Identified the +0 leather armour of the Burning Gods {Str-3
                  | Int+2 Dex+3}
 55257 | Elf:3    | HP: 95/198 [deep elf sorcerer/the +8 whip "Snakebite"
                  | {venom, curare, rPois} (9)]
 55262 | Elf:3    | HP: 88/198 [poisoned by a deep elf sorcerer]
 55267 | Elf:3    | HP: 79/198 [poisoned by a deep elf sorcerer]
 55688 | Elf:3    | Identified the +2 dagger of Rythri Xouco {heavy, Will+++
                  | Str+2 Dex+6}
 55928 | Elf:3    | Identified the +10 flail "Zemeyjall" {holy, rC+}
 56340 | Elf:3    | Identified the +10 short sword "Peenahab" {heavy, Int+4}
 56346 | Elf:3    | Received a gift from Okawaru
 56534 | Elf:3    | Got the Tome of Puissant Attendants
 56811 | Depths:1 | Entered Level 1 of the Depths
 57047 | Depths:1 | Reached XP level 22. HP: 161/209 MP: 26/35
 57050 | Depths:1 | Reached skill level 20 in Armour
 57058 | Depths:1 | Reached skill level 20 in Fighting
 57146 | Depths:1 | Found a magical portal.
 57169 | WizLab   | Entered The Roulette of Golubria
 57169 | WizLab   | Found a transporter.
 57172 | WizLab   | Found a corrupted altar of Lugonu.
 57223 | WizLab   | Found a corrupted altar of Lugonu.
 57244 | WizLab   | Found a transporter.
 57263 | WizLab   | Found a transporter.
 57456 | WizLab   | Found a corrupted altar of Lugonu.
 57467 | WizLab   | Found a transporter.
 57501 | WizLab   | Found a corrupted altar of Lugonu.
 57646 | WizLab   | Found a transporter.
 57651 | WizLab   | Found a corrupted altar of Lugonu.
 57776 | WizLab   | Found a transporter.
 57776 | WizLab   | Found a transporter.
 57779 | WizLab   | Got Kustre's Notes on Geometries
 57959 | WizLab   | Found a transporter.
 57959 | WizLab   | Found a transporter.
 57993 | WizLab   | Found a transporter.
 57993 | WizLab   | Found a transporter.
 58033 | WizLab   | Gained mutation: Your spells are a little easier to cast,
                  | but a little less powerful. [a cacodemon]
 58048 | WizLab   | Found a transporter.
 58242 | WizLab   | Found a transporter.
 58242 | WizLab   | Found a transporter.
 58340 | WizLab   | Found a transporter.
 58340 | WizLab   | Found a transporter.
 58358 | WizLab   | Received a gift from Okawaru
 58372 | WizLab   | Found a transporter.
 58372 | WizLab   | Found a transporter.
 58510 | WizLab   | Identified the +1 cloak of Wicked Beauty {Harm rC+ Dex-4}
 58533 | WizLab   | Identified the +0 cloak of Zaov {-Tele Rampage rF+ rC++}
 58545 | WizLab   | HP: 104/209 [eldritch tentacle (13)]
 58568 | WizLab   | Identified the +3 cloak of Ishukkil {rElec rN+++ Will-
                  | SInv}
 58842 | Depths:1 | Reached skill level 21 in Invocations
 59048 | Depths:1 | Found a gateway to Hell.
 59719 | Depths:1 | Noticed a golden dragon
 59719 | Depths:1 | Noticed a golden dragon
 59734 | Depths:1 | Killed a golden dragon
 59740 | Depths:1 | Killed a golden dragon
 59765 | Depths:1 | Identified the +0 swamp dragon scales "Bethae" {^Drain
                  | rPois rC++}
 60096 | Depths:1 | Reached skill level 21 in Fighting
 60106 | Depths:1 | Received a gift from Okawaru
 60458 | Depths:2 | HP: 104/213 [flayed ghost/flay_damage (33)]
 60461 | Depths:2 | HP: 51/213 [white very ugly thing (illusionary) (18)]
 60462 | Arena    | Entered the Arena
 60477 | Depths:2 | HP: 100/213 [flayed ghost/flay_damage (32)]
 60497 | Depths:2 | HP: 106/213 [fire dragon (2)]
 60798 | Depths:2 | Found a one-way gateway to a ziggurat.
 60824 | Depths:2 | Reached skill level 21 in Armour
 60832 | Depths:2 | Reached skill level 12 in Dodging
 61010 | Depths:2 | Found a one-way gate to the infinite horrors of the Abyss.
 61013 | Depths:2 | Found a one-way gate leading to the halls of Pandemonium.
 61145 | Depths:2 | Noticed the Enchantress
 61162 | Depths:2 | HP: 105/213 [spriggan berserker/+0 war axe[the Enchantress]
                  | (20)]
 61165 | Depths:2 | Found an iron altar of Okawaru.
 61169 | Depths:2 | HP: 72/213 [deep elf blademaster/+0 rapier (6)]
 61173 | Depths:2 | Identified the +6 dagger "Ompuomiwk" {heavy, Fly rElec
                  | Str+5}
 61175 | Depths:2 | HP: 70/213 [deep elf archer/arrow (5)]
 61658 | Depths:2 | Killed the Enchantress
 61680 | Depths:2 | Identified the flux talisman "Xuetawn" {rF- Will+ Str+3
                  | Dex+3}
 61852 | Orc:2    | Bought a potion of curing for 42 gold pieces
 61852 | Orc:2    | Bought a potion of heal wounds for 70 gold pieces
 61852 | Orc:2    | Bought 2 potions of heal wounds for 140 gold pieces
 61852 | Orc:2    | Bought a potion of heal wounds for 70 gold pieces
 62096 | Snake:2  | Bought a potion of curing for 51 gold pieces
 62287 | D:11     | Bought a manual of Dodging for 800 gold pieces
 62395 | Depths:2 | Reached skill level 13 in Dodging
 62508 | Depths:2 | Received a gift from Okawaru
 62810 | Depths:2 | Reached skill level 14 in Dodging
 62955 | Depths:2 | Found the +2 shield of Resistance {rF++ rC++ Will++}
 63684 | Depths:2 | Identified the +3 pair of gloves of a bailey {rPois rF++
                  | Str-4 Dex+2}
 63690 | Depths:2 | Identified the +1 cloak of the Chewing Gods {Str+5}
 63719 | Depths:2 | Identified the +4 great mace of Eternal Harmony {freeze,
                  | Int+5 Dex-5}
 63837 | Depths:3 | Gained mutation: You are frail. (-10% HP) [a shining eye]
 63839 | Depths:3 | Lost mutation: You are frail. (-10% HP) [potion of
                  | mutation]
 63839 | Depths:3 | Lost mutation: Your spells are a little easier to cast, but
                  | a little less powerful. [potion of mutation]
 63839 | Depths:3 | Gained mutation: You sometimes lose your temper in combat.
                  | [potion of mutation]
 63839 | Depths:3 | Gained mutation: You have a pair of large horns on your
                  | head. [potion of mutation]
 63839 | Depths:3 | Gained mutation: You expend magic power (3 MP) to
                  | strengthen your wands. [potion of mutation]
 63840 | Depths:3 | Lost mutation: You sometimes lose your temper in combat.
                  | [potion of mutation]
 63840 | Depths:3 | Lost mutation: You have a pair of large horns on your head.
                  | [potion of mutation]
 63840 | Depths:3 | Lost mutation: You expend magic power (3 MP) to strengthen
                  | your wands. [potion of mutation]
 63840 | Depths:3 | Gained mutation: You sometimes lose your temper in combat.
                  | [potion of mutation]
 63840 | Depths:3 | Gained mutation: You do not regenerate when monsters are
                  | visible. [potion of mutation]
 63840 | Depths:3 | Gained mutation: You are partially covered in iridescent
                  | scales. (AC +2) [potion of mutation]
 63841 | Depths:3 | Lost mutation: You sometimes lose your temper in combat.
                  | [potion of mutation]
 63841 | Depths:3 | Lost mutation: You do not regenerate when monsters are
                  | visible. [potion of mutation]
 63841 | Depths:3 | Gained mutation: Your spells are a little harder to cast,
                  | but a little more powerful. [potion of mutation]
 63919 | Depths:3 | Reached skill level 15 in Dodging
 64159 | Depths:3 | Reached XP level 23. HP: 213/220 MP: 36/36
 64252 | Depths:3 | Reached skill level 16 in Dodging
 64427 | Depths:3 | Found a white marble altar of Elyvilon.
 64758 | Depths:3 | Reached skill level 17 in Dodging
 64841 | Depths:3 | Noticed a caustic shrike
 64849 | Depths:3 | Killed a caustic shrike
 64976 | Depths:3 | Reached skill level 18 in Dodging
 65025 | Depths:3 | Received a gift from Okawaru
 65062 | Depths:3 | Identified the +0 pair of boots of Lesser Demons {Harm
                  | rCorr}
 65421 | Depths:4 | Entered Level 4 of the Depths
 65450 | Depths:4 | Reached skill level 19 in Dodging
 65470 | Depths:4 | HP: 105/220 [storm dragon (8)]
 66037 | Depths:4 | Found a gate to the Realm of Zot.
 66069 | Depths:4 | Reached skill level 20 in Dodging
 66160 | Depths:4 | Identified the orb of the Slorg {light, Str-3 Int+3 SInv}
 66160 | Depths:4 | Noticed Frederick
 66187 | Depths:4 | Killed Frederick
 66187 | Depths:4 | Received a gift from Okawaru
 66379 | Depths:4 | Reached skill level 9 in Evocations
 67070 | Slime:1  | Entered Level 1 of the Pits of Slime
 67098 | Lair:5   | Reached skill level 10 in Evocations
 67131 | Slime:1  | Gained mutation: Potions are less effective at restoring
                  | your health. [a shining eye]
 67225 | Slime:4  | Received a gift from Okawaru
 67257 | Slime:5  | Entered Level 5 of the Pits of Slime
 67385 | Slime:5  | Found a viscous altar of Jiyva.
 67405 | Slime:5  | Noticed the Royal Jelly
 67421 | Slime:5  | Killed the Royal Jelly
 67565 | Slime:5  | Identified the ring "Ylieckae" {Fly rC+++ rCorr Dex-4
                  | Slay-3}
 67570 | Slime:5  | Identified the +0 chain mail of Ikhest {Int+4}
 67576 | Slime:5  | Got a slimy rune of Zot
 67581 | Slime:5  | Got a starry gem with 186 turns to spare
 67582 | Slime:5  | Identified the +2 chain mail of Patterns {rF+ SInv Stlth+}
 67585 | Slime:5  | Identified the +0 short sword of Oozing Pus {freeze, rF+++
                  | rC+ Will+ Str-5}
 67617 | Slime:5  | Identified the ring of Tioch {rPois Str+7 Slay-3}
 67705 | Slime:1  | Gained mutation: You occasionally shout uncontrollably at
                  | your foes. [a shining eye]
 67707 | Slime:1  | Reached skill level 22 in Invocations
 68021 | Zot:1    | Entered Level 1 of the Realm of Zot
 68250 | Zot:1    | Reached XP level 24. HP: 228/228 MP: 37/37
 68337 | Zot:1    | Received a gift from Okawaru
 68463 | Zot:1    | Reached skill level 22 in Fighting
 68786 | Zot:1    | Noticed a dread lich
 68801 | Zot:1    | Killed a dread lich
 68809 | Zot:1    | Noticed an orb of fire
 68821 | Zot:1    | Killed an orb of fire
 68826 | Zot:1    | Noticed a dread lich
 68839 | Zot:1    | Killed a dread lich
 68839 | Zot:1    | Received a gift from Okawaru
 68843 | Zot:1    | Noticed a dread lich
 68847 | Zot:1    | Killed a dread lich
 68848 | Zot:1    | Reached skill level 22 in Armour
 69296 | Zot:2    | Noticed a juggernaut
 69323 | Zot:2    | Reached skill level 16 in Shields
 69696 | Zot:1    | Received a gift from Okawaru
 69859 | Zot:2    | Reached skill level 17 in Shields
 70169 | Zot:2    | Killed a juggernaut
 70170 | Zot:2    | Reached skill level 18 in Shields
 70337 | Zot:2    | Received a gift from Okawaru
 70530 | Zot:2    | Found a transporter.
 70533 | Zot:2    | Noticed Cuhyol's ghost (veteran MfSh)
 70533 | Zot:2    | Noticed an ancient lich
 70533 | Zot:2    | Noticed a dread lich
 70537 | Zot:2    | Found a transporter.
 70572 | Zot:2    | Reached skill level 19 in Shields
 70968 | D:13     | Bought a scroll of brand weapon for 123 gold pieces
 70968 | D:13     | Bought a scroll of revelation for 97 gold pieces
 71188 | Zot:3    | Noticed an orb of fire
 71205 | Zot:3    | Gained mutation: You are dopey. (Int -2) [an orb of fire]
 71212 | Zot:3    | Gained mutation: You are occasionally teleported next to
                  | monsters. [an orb of fire]
 71214 | Zot:3    | Killed an orb of fire
 71216 | Zot:3    | Lost mutation: You occasionally shout uncontrollably at
                  | your foes. [potion of mutation]
 71216 | Zot:3    | Lost mutation: Your spells are a little harder to cast, but
                  | a little more powerful. [potion of mutation]
 71216 | Zot:3    | Lost mutation: You are occasionally teleported next to
                  | monsters. [potion of mutation]
 71216 | Zot:3    | Gained mutation: Your magical capacity is low. (-10% MP)
                  | [potion of mutation]
 71278 | Zot:3    | Identified the +4 dagger of Ashenzari, Cursing {drain,
                  | ^Drain Str+7}
 71324 | Zot:3    | Received a gift from Okawaru
 71334 | Zot:3    | Reached skill level 20 in Shields
 71349 | Zot:3    | Reached XP level 25. HP: 220/238 MP: 33/33
 72158 | Zot:4    | Noticed a Killer Klown
 72164 | Zot:4    | Killed a Killer Klown
 72214 | Zot:4    | Reached skill level 21 in Shields
 72564 | Zot:4    | Identified the staff of Conservatism {rC++ Conj}
 72693 | Zot:4    | Identified the ring "Jinetej" {*Slow rElec rC+ Int+8 Dex-5}
 72705 | Zot:4    | Received a gift from Okawaru
 72785 | Zot:4    | Reached skill level 22 in Shields
 73841 | Zot:5    | Entered Level 5 of the Realm of Zot
 73842 | Zot:5    | Noticed an ancient lich
 73854 | Zot:5    | Received a gift from Okawaru
 74060 | Zot:5    | Reached skill level 23 in Invocations
 74626 | Zot:5    | Noticed a dread lich
 74637 | Arena    | Entered the Arena
 74666 | Zot:5    | Killed a dread lich
 74698 | Zot:5    | Noticed a Killer Klown
 74709 | Zot:5    | Killed a Killer Klown
 74732 | Zot:5    | Killed an ancient lich
 74738 | Zot:5    | Received a gift from Okawaru
 74915 | Zot:5    | Noticed a Killer Klown
 74935 | Zot:5    | Killed a Killer Klown
 74996 | Zot:5    | Noticed a Killer Klown
 75015 | Zot:5    | Killed a Killer Klown
 75030 | Zot:5    | Noticed an orb of fire
 75043 | Zot:5    | Lost mutation: You are dopey. (Int -2) [an orb of fire]
 75046 | Zot:5    | Killed an orb of fire
 75196 | Zot:5    | Noticed a Killer Klown
 75213 | Zot:5    | Killed a Killer Klown
 75291 | Zot:5    | Reached XP level 26. HP: 249/249 MP: 33/33
 75321 | Zot:5    | Reached skill level 23 in Fighting
 75326 | Zot:5    | Received a gift from Okawaru
 75327 | Zot:5    | Reached skill level 23 in Armour
 75327 | Zot:5    | Reached skill level 23 in Shields
 75540 | Zot:5    | Noticed an orb of fire
 75542 | Zot:5    | Gained mutation: You are vulnerable to cold. (rC-) [an orb
                  | of fire]
 75548 | Zot:5    | Gained mutation: Your health recovers twice as slowly from
                  | being drained. [an orb of fire]
 75549 | Zot:5    | Gained mutation: You are dopey. (Int -2) [an orb of fire]
 75557 | Zot:5    | Gained mutation: Your spells are a little easier to cast,
                  | but a little less powerful. [an orb of fire]
 75563 | Zot:5    | Noticed an orb of fire
 75567 | Zot:5    | Killed an orb of fire
 75570 | Zot:5    | Killed an orb of fire
 75571 | Zot:5    | Noticed an orb of fire
 75579 | Zot:5    | Gained mutation: You are weak. (Str -2) [an orb of fire]
 75591 | Zot:5    | HP: 124/250 [orb of fire/fireball (19)]
 75594 | Zot:5    | Gained mutation: You are clumsy. (Dex -2) [an orb of fire]
 75600 | Zot:5    | Killed an orb of fire
 75863 | Zot:5    | Got the Orb of Zot
 76395 | D:2      | Reached skill level 24 in Invocations
 76400 | D:2      | Fell from the grace of Okawaru
 76400 | D:2      | Became a worshipper of Cheibriados the Contemplative
 76429 | D:$      | Escaped with the Orb!

Illustrated notes

Levels and vault maps discovered:
D:1:      minmay_arrival_four_circles, layout_loops_ring
D:2:      layout_loops_cross, basic_altar
D:3:      layout_basic, evilmike_ruin_ashenzari,
          ebering_ecumenical_altar_abandoned
D:4:      layout_basic, uniq_pikel
D:5:      layout_loops_cross, mainiacjoe_overflow_catwalk
D:6:      layout_rooms, minmay_temple_entry_wispy, serial_shops,
          nicolae_shop_just_a_little_nook
D:7:      layout_cave_pools, nicolae_gozag_seed_capital, serial_park,
          serial_park_tiny_2, serial_park_square1 [serial_park_minivault_5x5_1],
          serial_park_tiny_1, serial_park_square2, minmay_misc_feat_columns,
          minmay_shop_mass
D:8:      layout_basic, serial_shops, nicolae_diamond_shop
D:9:      cheibrodos_iron_armory, layout_basic,
          mainiacjoe_overflow_small_starburst, minitemple, dpeg_oklobed_lair,
          fountainhead, minmay_misc_feat_tiny
D:10:     layout_basic, orc_0_dummy, serial_shops, shop_fountains
D:11:     layout_basic, nicolae_shop_self_help
D:12:     layout_loops_ring
D:13:     layout_loops_ring, serial_shops, shop, kennysheep_crisscross
D:14:     layout_cave_pools, lightli_vaults_fourway_checkpoint, serial_shops,
          kennysheep_mini, xom_shifter_show
D:15:     grunt_enter_depths_giant_problem, layout_cave_pods,
          hangedman_abyss_or_decor_clamps
Temple:   dshaligram_water_room_temple
Lair:1:   layout_layer_cave, basic_altar, grunt_megastairs_3,
          infiniplex_staircase_pool_2, uniq_joseph, uniq_erica
Lair:2:   layout_long_grid, gammafunk_ghost_necromancy,
          nicolae_volcano_entry_lava_flow, gauntlet_entry_generic
Lair:3:   layout_gridlike, nicolae_shoals_entry_roost,
          minmay_snake_entry_six_corridors, serial_bayou_shore_a,
          grunt_megastairs_4, lemuel_fruit_tree, serial_bayou_shore_b
Lair:4:   layout_regular_city, lookout_lair_type
Lair:5:   grunt_lair_end_beastmaster, layout_gridlike, slime_entry_2,
          guppyfry_lair_drakes
Shoals:1: layout_shoals, nicolae_shoals_goliath_grotto, uniq_mlioglotl
Shoals:2: layout_shoals, nicolae_island_escapes
Shoals:3: layout_shoals, serial_shops, nicolae_shop_tiny_waterfront,
          argonaut_gorgonesque
Shoals:4: shoals_end_simple, layout_shoals, shoals_ilsuiw_ice, uniq_louise
Snake:1:  layout_chambers, st_stairs_1, serial_bayou_pond_e
Snake:2:  layout_cave_town, grunt_megastairs_2, minmay_shoptagon
Snake:3:  layout_chambers, serial_shops, shop, uniq_saint_roka, uniq_agnes
Snake:4:  hellmonk_snake_rune_quicksilver_temple, layout_cave_town,
          gammafunk_ghost_cemetery
Slime:1:  layout_caves, cheibrodos_slime_lost_civilization_4
Slime:2:  layout_caves
Slime:3:  layout_caves
Slime:4:  layout_caves
Slime:5:  slime_pit_nicolae_block_by_block
Orc:1:    nicolae_orc_accident_3, layout_caves, uniq_urug, uniq_jorgrun
Orc:2:    grunt_orc_tribal_feast, layout_caves, serial_shops,
          nicolae_shop_just_a_little_nook, uniq_sonja
Elf:1:    elf_arrival_002, layout_onion_city, kennysheep_underground_church
Elf:2:    elven_hall_of_blades_hangedman_alternative [mumra_blade_entry_dagger],
          layout_rooms
Elf:3:    minmay_elf_hall_x, layout_rooms
Vaults:1: portal_desolation_entry_holy_temple, hangedman_vaults_capsules,
          vaults_mumra_chevron, v_misc_30, ontoclasm_vaults_ring_large,
          ontoclasm_vaults_misaligned, v_alt_pattern_5,
          nicolae_vaults_little_ls, dpeg_vaults_monster_row,
          ontoclasm_vaults_gateway, v_misc_15, v_misc_27,
          nicolae_vaults_six-pack, layout_vaults_omnigrid
Vaults:2: nicolae_vaults_big_ls, nicolae_vaults_storage_closets_3,
          gammafunk_its_a_trap, v_misc_11, nicolae_vaults_prndl,
          grunt_vaults_funnel, hangedman_vaults_trim,
          nicolae_vaults_tetromino_T_1, nicolae_vaults_double_plus_1,
          dpeg_vaults_monster_box, layout_vaults_omnicross, serial_shops, shop,
          uniq_mennas, uniq_xtahua, uniq_bai_suzhen
Vaults:3: vaults_room_door_ring, vaults_dpeg_emergency_exit,
          nicolae_vaults_storage_closets_1, nicolae_vaults_bisected_slash,
          nicolae_vaults_apartment_2, nicolae_vaults_network_barrier,
          vaults_standard_mumra_enter_the_diamond, hangedman_vaults_slither,
          nicolae_vaults_little_squares_2, nicolae_vaults_ellipses_ellipsis,
          v_misc_4, ontoclasm_vaults_fault, nicolae_vaults_trapezoid_lopsided_1,
          nicolae_vaults_tetromino_Z_1, nicolae_vaults_security_offices_4,
          layout_vaults_omnibox
Vaults:4: vaults_room_fancy_cross, nicolae_vaults_house_2, vaults_room_grid,
          nicolae_vaults_mitosis, hangedman_vaults_stream, vaults_room_pool,
          ontoclasm_vaults_ring_small, v_rooms_1, nicolae_vaults_steering_wheel,
          nicolae_vaults_double_plus_1, ontoclasm_vaults_misaligned,
          nicolae_vaults_border_crossing, nicolae_vaults_ring_of_whatevers,
          nicolae_vaults_storage_room_water, v_pattern_3, v_misc_8,
          nicolae_vaults_tangram_1, nicolae_vaults_asterisk,
          layout_vaults_maze_bifur
Depths:1: regret_index_malice_mire, layout_gridville, minmay_strange_pillars,
          infiniplex_enter_wizlab_water, hangedman_coc_ice_floe,
          lemuel_nasty_fountain
Depths:2: evilmike_iron_armoury, layout_basic, enter_ziggurat_a,
          minmay_misc_feat_square, abyss_entry_small_statue_room, pan_entry,
          hell_entry, minivault_16, uniq_enchantress
Depths:3: regret_index_reflect_refract, layout_basic, elyvilon_altar_3,
          hell_entry, abyss_entry, nicolae_concentric_dashed_squares_wild
Depths:4: grunt_x_marks_the_spot, layout_basic, grunt_mini_vestibule,
          rand_demon_pan_entry_1, uniq_frederick
Zot:1:    hellmonk_paralyzer, layout_onion_interference,
          regret_index_zotdec_glowing_original
Zot:2:    ebering_greatest_show_in_zot, layout_concentric_octagons,
          gammafunk_ghost_mausoleum
Zot:3:    dreamdust_black_sun_cult, layout_misc_corridors,
          regret_index_zotdec_tunneler
Zot:4:    layout_gridlike, regret_index_zotdec_bone_old, st_large_dragon_hoard_4
Zot:5:    layout_gridlike, bh_zot_lava_cross, regret_index_zotdec_stipple_waver,
          st_stairs_12, regret_index_zotdec_plus, drop_trap

Skill      XL: |  1  2  3  4  5  6  7  8  9 10 11 12 13 14 15 16 17 18 19 20 21 22 23 24 25 26 |
---------------+-------------------------------------------------------------------------------+-----
Fighting       | 2 4 6 9 10 12 13 16 18 19 21 22 23 | 23.0
Staves         | 2 3 5 6 7 |  7.0
Armour         | 5 6 8 11 14 18 19 21 22 23 | 23.0
Throwing       | 1 4 8 11 16 | 16.0
Invocations    | 4 6 8 11 12 14 19 20 21 22 23 24 | 24.0
Axes           | 9 12 14 18 | 18.0
Evocations     | 1 2 5 8 10 | 10.0
Dodging        | 6 8 10 11 15 20 | 20.0
Shields        | 4 14 15 20 22 23 | 23.0
Stealth        | |  1.5
Spellcasting   | |  1.3
Conjurations   | |  0.6
Alchemy        | |  2.1

Action                     |  1- 3 |  4- 6 |  7- 9 | 10-12 | 13-15 | 16-18 | 19-21 | 22-24 | 25-27 || total
---------------------------+-------+-------+-------+-------+-------+-------+-------+-------+-------++-------
  Melee: Club              |     5 |       |       |       |       |       |       |       |       ||     5
         Unarmed           |     5 |       |       |       |       |       |       |       |       ||     5
         Headbutt          |     7 |    22 |    46 |   104 |   267 |   308 |   427 |   513 |   156 ||  1850
         Lajatang          |    44 |   153 |   148 |       |       |       |       |       |       ||   345
         War axe           |       |       |    48 |   378 |       |       |       |       |       ||   426
         Battleaxe         |       |       |    46 |   117 |   210 |       |       |       |       ||   373
         Punch             |       |       |     3 |    20 |     2 |       |       |       |       ||    25
         Scimitar          |       |       |       |     6 |    34 |       |       |       |       ||    40
         Broad axe         |       |       |       |       |   857 |  1435 |  1535 |  1611 |   471 ||  5909
  Throw: Dart              |       |    26 |    32 |    56 |    91 |    56 |     3 |     1 |       ||   265
         Javelin           |       |       |     2 |     5 |    11 |    26 |    37 |    39 |    70 ||   190
         Boomerang         |       |       |     2 |     7 |    69 |    72 |   224 |   263 |   232 ||   869
         Throwing net      |       |       |       |       |       |       |     1 |       |       ||     1
   Cast: Sting             |    23 |       |       |       |       |       |       |       |       ||    23
 Invoke: Heroism           |       |       |     3 |     9 |     9 |     2 |     1 |     3 |       ||    27
         Finesse           |       |       |       |     3 |     1 |     7 |     2 |     7 |     4 ||    24
         Receive Weapon    |       |       |       |       |     1 |       |       |       |       ||     1
         Receive Armour    |       |       |       |       |     1 |       |       |       |       ||     1
         Duel              |       |       |       |       |       |     5 |     3 |     1 |     1 ||    10
  Evoke: Wand              |       |       |       |     1 |     2 |    18 |     7 |     9 |       ||    37
         Phial of floods   |       |       |       |       |       |     1 |     1 |       |       ||     2
         Condenser vane    |       |       |       |       |       |       |     1 |     1 |       ||     2
    Use: Potion            |     1 |     3 |     4 |     5 |       |     8 |    11 |    12 |     3 ||    47
         Scroll            |       |     4 |     5 |    10 |    19 |    11 |     9 |    13 |     2 ||    73
   Stab: Invisible         |       |       |       |     1 |       |       |       |       |       ||     1
         Distracted        |       |       |       |       |     1 |       |       |     1 |       ||     2
         Petrified         |       |       |       |       |       |     7 |       |       |       ||     7
         Confused          |       |       |       |       |       |       |     2 |       |       ||     2
 Armour: Robe              |     7 |       |       |       |       |       |       |       |       ||     7
         Leather armour    |    14 |       |       |       |       |       |       |       |       ||    14
         Skin              |     3 |       |       |       |       |       |       |       |       ||     3
         Chain mail        |    18 |   163 |     4 |       |       |       |       |       |       ||   185
         Plate armour      |       |       |   229 |    18 |       |       |       |       |       ||   247
         Scale mail        |       |       |       |   416 |   239 |       |       |       |       ||   655
         Crystal plate arm |       |       |       |       |   759 |  1042 |  1022 |  1175 |   340 ||  4338
  Dodge: Dodged            |    32 |    74 |    70 |   270 |   444 |   443 |   369 |   546 |   194 ||  2442
         Repelled          |       |       |       |       |       |     3 |       |       |       ||     3
  Block: Buckler           |       |       |       |    12 |   152 |       |       |       |       ||   164
         Kite shield       |       |       |       |       |     1 |   862 |   761 |  1029 |   336 ||  2989
         Reflection        |       |       |       |       |       |       |    10 |       |       ||    10

Table legend: (Time is in decaauts)
 A = Elapsed time spent in this place.
 B = Non-inter-level travel time spent in this place.
 C = Inter-level travel time spent in this place.
 D = Time resting spent in this place.
 E = Time spent auto-exploring this place.
 F = Levels seen in this place.
 G = Mean time per level.
                   A        B        C        D        E       F      G
               +--------+--------+--------+--------+--------+-----+--------+
         Total |  74972 |  68346 |   6626 |  10057 |  44707 |  65 | 1153.4 |
       Dungeon |  17847 |  15415 |   2432 |   1957 |  10697 |  15 | 1189.8 |
        Temple |     32 |      1 |     31 |      0 |      0 |   1 |   32.0 |
          Lair |   9528 |   8000 |   1528 |   1378 |   5294 |   5 | 1905.6 |
        Shoals |   6325 |   5990 |    335 |    665 |   4028 |   4 | 1581.2 |
     Snake Pit |   6505 |   6253 |    252 |    387 |   4906 |   4 | 1626.2 |
    Slime Pits |    552 |    487 |     65 |     46 |     55 |   5 |  110.4 |
  Orcish Mines |   2224 |   1859 |    365 |    277 |   1205 |   2 | 1112.0 |
   Elven Halls |   5010 |   4615 |    395 |   1148 |   2587 |   3 | 1670.0 |
        Vaults |   8087 |   7813 |    274 |    808 |   5610 |   4 | 2021.8 |
        Depths |   7439 |   6907 |    532 |    620 |   4958 |   4 | 1859.8 |
           Zot |   7352 |   6940 |    412 |   1336 |   4031 |   5 | 1470.4 |
        Wizlab |   1382 |   1382 |      0 |    460 |    462 |   1 | 1382.0 |
    Desolation |   1465 |   1465 |      0 |    222 |    717 |   1 | 1465.0 |
      Gauntlet |   1016 |   1016 |      0 |    621 |    155 |   1 | 1016.0 |
         Arena |    201 |    201 |      0 |    128 |      0 |  10 |   20.1 |
               +--------+--------+--------+--------+--------+-----+--------+

Top non-repeatable levels by time:
Vaults:2: 2968 daAuts
  Lair:5: 2419 daAuts
Depths:2: 2371 daAuts
  Lair:3: 2323 daAuts
   Elf:3: 2315 daAuts
Depths:1: 2058 daAuts
 Snake:3: 2052 daAuts
     D:9: 1997 daAuts
   Zot:5: 1913 daAuts
Shoals:4: 1900 daAuts
   Zot:4: 1859 daAuts
    D:10: 1748 daAuts
  Lair:2: 1745 daAuts
   Zot:1: 1729 daAuts
Vaults:1: 1719 daAuts

Levels and vault maps discovered:
D:1:      minmay_arrival_four_circles, layout_loops_ring
D:2:      layout_loops_cross, basic_altar
D:3:      layout_basic, evilmike_ruin_ashenzari,
          ebering_ecumenical_altar_abandoned
D:4:      layout_basic, uniq_pikel
D:5:      layout_loops_cross, mainiacjoe_overflow_catwalk
D:6:      layout_rooms, minmay_temple_entry_wispy, serial_shops,
          nicolae_shop_just_a_little_nook
D:7:      layout_cave_pools, nicolae_gozag_seed_capital, serial_park,
          serial_park_tiny_2, serial_park_square1 [serial_park_minivault_5x5_1],
          serial_park_tiny_1, serial_park_square2, minmay_misc_feat_columns,
          minmay_shop_mass
D:8:      layout_basic, serial_shops, nicolae_diamond_shop
D:9:      cheibrodos_iron_armory, layout_basic,
          mainiacjoe_overflow_small_starburst, minitemple, dpeg_oklobed_lair,
          fountainhead, minmay_misc_feat_tiny
D:10:     layout_basic, orc_0_dummy, serial_shops, shop_fountains
D:11:     layout_basic, nicolae_shop_self_help
D:12:     layout_loops_ring
D:13:     layout_loops_ring, serial_shops, shop, kennysheep_crisscross
D:14:     layout_cave_pools, lightli_vaults_fourway_checkpoint, serial_shops,
          kennysheep_mini, xom_shifter_show
D:15:     grunt_enter_depths_giant_problem, layout_cave_pods,
          hangedman_abyss_or_decor_clamps
Temple:   dshaligram_water_room_temple
Lair:1:   layout_layer_cave, basic_altar, grunt_megastairs_3,
          infiniplex_staircase_pool_2, uniq_joseph, uniq_erica
Lair:2:   layout_long_grid, gammafunk_ghost_necromancy,
          nicolae_volcano_entry_lava_flow, gauntlet_entry_generic
Lair:3:   layout_gridlike, nicolae_shoals_entry_roost,
          minmay_snake_entry_six_corridors, serial_bayou_shore_a,
          grunt_megastairs_4, lemuel_fruit_tree, serial_bayou_shore_b
Lair:4:   layout_regular_city, lookout_lair_type
Lair:5:   grunt_lair_end_beastmaster, layout_gridlike, slime_entry_2,
          guppyfry_lair_drakes
Shoals:1: layout_shoals, nicolae_shoals_goliath_grotto, uniq_mlioglotl
Shoals:2: layout_shoals, nicolae_island_escapes
Shoals:3: layout_shoals, serial_shops, nicolae_shop_tiny_waterfront,
          argonaut_gorgonesque
Shoals:4: shoals_end_simple, layout_shoals, shoals_ilsuiw_ice, uniq_louise
Snake:1:  layout_chambers, st_stairs_1, serial_bayou_pond_e
Snake:2:  layout_cave_town, grunt_megastairs_2, minmay_shoptagon
Snake:3:  layout_chambers, serial_shops, shop, uniq_saint_roka, uniq_agnes
Snake:4:  hellmonk_snake_rune_quicksilver_temple, layout_cave_town,
          gammafunk_ghost_cemetery
Slime:1:  layout_caves, cheibrodos_slime_lost_civilization_4
Slime:2:  layout_caves
Slime:3:  layout_caves
Slime:4:  layout_caves
Slime:5:  slime_pit_nicolae_block_by_block
Orc:1:    nicolae_orc_accident_3, layout_caves, uniq_urug, uniq_jorgrun
Orc:2:    grunt_orc_tribal_feast, layout_caves, serial_shops,
          nicolae_shop_just_a_little_nook, uniq_sonja
Elf:1:    elf_arrival_002, layout_onion_city, kennysheep_underground_church
Elf:2:    elven_hall_of_blades_hangedman_alternative [mumra_blade_entry_dagger],
          layout_rooms
Elf:3:    minmay_elf_hall_x, layout_rooms
Vaults:1: portal_desolation_entry_holy_temple, hangedman_vaults_capsules,
          vaults_mumra_chevron, v_misc_30, ontoclasm_vaults_ring_large,
          ontoclasm_vaults_misaligned, v_alt_pattern_5,
          nicolae_vaults_little_ls, dpeg_vaults_monster_row,
          ontoclasm_vaults_gateway, v_misc_15, v_misc_27,
          nicolae_vaults_six-pack, layout_vaults_omnigrid
Vaults:2: nicolae_vaults_big_ls, nicolae_vaults_storage_closets_3,
          gammafunk_its_a_trap, v_misc_11, nicolae_vaults_prndl,
          grunt_vaults_funnel, hangedman_vaults_trim,
          nicolae_vaults_tetromino_T_1, nicolae_vaults_double_plus_1,
          dpeg_vaults_monster_box, layout_vaults_omnicross, serial_shops, shop,
          uniq_mennas, uniq_xtahua, uniq_bai_suzhen
Vaults:3: vaults_room_door_ring, vaults_dpeg_emergency_exit,
          nicolae_vaults_storage_closets_1, nicolae_vaults_bisected_slash,
          nicolae_vaults_apartment_2, nicolae_vaults_network_barrier,
          vaults_standard_mumra_enter_the_diamond, hangedman_vaults_slither,
          nicolae_vaults_little_squares_2, nicolae_vaults_ellipses_ellipsis,
          v_misc_4, ontoclasm_vaults_fault, nicolae_vaults_trapezoid_lopsided_1,
          nicolae_vaults_tetromino_Z_1, nicolae_vaults_security_offices_4,
          layout_vaults_omnibox
Vaults:4: vaults_room_fancy_cross, nicolae_vaults_house_2, vaults_room_grid,
          nicolae_vaults_mitosis, hangedman_vaults_stream, vaults_room_pool,
          ontoclasm_vaults_ring_small, v_rooms_1, nicolae_vaults_steering_wheel,
          nicolae_vaults_double_plus_1, ontoclasm_vaults_misaligned,
          nicolae_vaults_border_crossing, nicolae_vaults_ring_of_whatevers,
          nicolae_vaults_storage_room_water, v_pattern_3, v_misc_8,
          nicolae_vaults_tangram_1, nicolae_vaults_asterisk,
          layout_vaults_maze_bifur
Depths:1: regret_index_malice_mire, layout_gridville, minmay_strange_pillars,
          infiniplex_enter_wizlab_water, hangedman_coc_ice_floe,
          lemuel_nasty_fountain
Depths:2: evilmike_iron_armoury, layout_basic, enter_ziggurat_a,
          minmay_misc_feat_square, abyss_entry_small_statue_room, pan_entry,
          hell_entry, minivault_16, uniq_enchantress
Depths:3: regret_index_reflect_refract, layout_basic, elyvilon_altar_3,
          hell_entry, abyss_entry, nicolae_concentric_dashed_squares_wild
Depths:4: grunt_x_marks_the_spot, layout_basic, grunt_mini_vestibule,
          rand_demon_pan_entry_1, uniq_frederick
Zot:1:    hellmonk_paralyzer, layout_onion_interference,
          regret_index_zotdec_glowing_original
Zot:2:    ebering_greatest_show_in_zot, layout_concentric_octagons,
          gammafunk_ghost_mausoleum
Zot:3:    dreamdust_black_sun_cult, layout_misc_corridors,
          regret_index_zotdec_tunneler
Zot:4:    layout_gridlike, regret_index_zotdec_bone_old, st_large_dragon_hoard_4
Zot:5:    layout_gridlike, bh_zot_lava_cross, regret_index_zotdec_stipple_waver,
          st_stairs_12, regret_index_zotdec_plus, drop_trap

Table legend: (Time is in decaauts)
 A = Elapsed time spent in this place.
 B = Non-inter-level travel time spent in this place.
 C = Inter-level travel time spent in this place.
 D = Time resting spent in this place.
 E = Time spent auto-exploring this place.
 F = Levels seen in this place.
 G = Mean time per level.
                   A        B        C        D        E       F      G
               +--------+--------+--------+--------+--------+-----+--------+
         Total |  74972 |  68346 |   6626 |  10057 |  44707 |  65 | 1153.4 |
       Dungeon |  17847 |  15415 |   2432 |   1957 |  10697 |  15 | 1189.8 |
        Temple |     32 |      1 |     31 |      0 |      0 |   1 |   32.0 |
          Lair |   9528 |   8000 |   1528 |   1378 |   5294 |   5 | 1905.6 |
        Shoals |   6325 |   5990 |    335 |    665 |   4028 |   4 | 1581.2 |
     Snake Pit |   6505 |   6253 |    252 |    387 |   4906 |   4 | 1626.2 |
    Slime Pits |    552 |    487 |     65 |     46 |     55 |   5 |  110.4 |
  Orcish Mines |   2224 |   1859 |    365 |    277 |   1205 |   2 | 1112.0 |
   Elven Halls |   5010 |   4615 |    395 |   1148 |   2587 |   3 | 1670.0 |
        Vaults |   8087 |   7813 |    274 |    808 |   5610 |   4 | 2021.8 |
        Depths |   7439 |   6907 |    532 |    620 |   4958 |   4 | 1859.8 |
           Zot |   7352 |   6940 |    412 |   1336 |   4031 |   5 | 1470.4 |
        Wizlab |   1382 |   1382 |      0 |    460 |    462 |   1 | 1382.0 |
    Desolation |   1465 |   1465 |      0 |    222 |    717 |   1 | 1465.0 |
      Gauntlet |   1016 |   1016 |      0 |    621 |    155 |   1 | 1016.0 |
         Arena |    201 |    201 |      0 |    128 |      0 |  10 |   20.1 |
               +--------+--------+--------+--------+--------+-----+--------+

Top non-repeatable levels by time:
Vaults:2: 2968 daAuts
  Lair:5: 2419 daAuts
Depths:2: 2371 daAuts
  Lair:3: 2323 daAuts
   Elf:3: 2315 daAuts
Depths:1: 2058 daAuts
 Snake:3: 2052 daAuts
     D:9: 1997 daAuts
   Zot:5: 1913 daAuts
Shoals:4: 1900 daAuts
   Zot:4: 1859 daAuts
    D:10: 1748 daAuts
  Lair:2: 1745 daAuts
   Zot:1: 1729 daAuts
Vaults:1: 1719 daAuts

Table legend:
 A = Kills in this place as a percentage of kills in the entire game.
 B = Kills by you in this place as a percentage of kills by you in the entire game.
 C = Kills by friends in this place as a percentage of kills by friends in the entire game.
 D = Other kills in this place as a percentage of other kills in the entire game.
 E = Experience gained in this place as a percentage of experience gained in the entire game.
 F = Experience gained in this place divided by the number of levels of this place that you have seen.
                   A       B       C       D       E      F
               +-------+-------+-------+-------+-------+----------------------
         Total | 100.0 | 100.0 |   N/A | 100.0 | 100.0 | 21187.3
       Dungeon |  16.8 |  16.9 |   N/A |   0.0 |   5.5 | 5081.3
          Lair |   8.8 |   8.9 |   N/A |   0.0 |   4.8 | 13246.6
        Shoals |   9.4 |   9.4 |   N/A |  14.3 |   7.3 | 25186.5
     Snake Pit |   7.7 |   7.7 |   N/A |   0.0 |   6.5 | 22354.5
    Slime Pits |   2.4 |   2.4 |   N/A |   0.0 |   2.8 | 7688.0
  Orcish Mines |   3.3 |   3.3 |   N/A |   0.0 |   1.0 | 7215.5
   Elven Halls |   6.5 |   6.4 |   N/A |  28.6 |   7.1 | 32767.3
        Vaults |  12.6 |  12.6 |   N/A |  14.3 |  14.4 | 49485.0
        Depths |  11.5 |  11.5 |   N/A |   0.0 |  15.2 | 52258.0
           Zot |  13.1 |  13.0 |   N/A |  42.9 |  28.4 | 78108.0
        Wizlab |   1.9 |   1.9 |   N/A |   0.0 |   2.4 | 32871.0
    Desolation |   4.6 |   4.6 |   N/A |   0.0 |   3.3 | 45339.0
      Gauntlet |   0.8 |   0.8 |   N/A |   0.0 |   0.4 | 6120.0
         Arena |   0.5 |   0.5 |   N/A |   0.0 |   0.8 | 1154.2
               +-------+-------+-------+-------+-------+----------------------
